 Dungeon Crawl Stone Soup version 0.24-a0-280-g7cec4da (webtiles) character file.

Game seed: 102583870817023407

637492 dosdaos the Hoplite (level 27, -9/163 HPs)
             Began as a Gargoyle Fighter on May 5, 2019.
             Was the Champion of Okawaru.
             Killed from afar by a red draconian annihilator (72 damage)
             ... with an iron shot
             ... on level 3 of the Realm of Zot on May 11, 2019.
             The game lasted 06:31:23 (81530 turns).

dosdaos the Hoplite (Gargoyle Fighter)             Turns: 81530, Time: 06:31:24

Health: -9/163     AC: 55    Str: 16    XL:     27
Magic:  0/34       EV: 18    Int: 15    God:    Okawaru [******]
Gold:   4305       SH: 27    Dex: 12    Spells: 35/38 levels left

rFire    + + +     SeeInvis +   b - +7 eveningstar (freeze)
rCold    + + .     Gourm    .   R - +2 large shield {reflect} {god gift}
rNeg     + . .     Faith    .   y - +7 Kryia's mail coat {god gift, PotionHeal*2 rC+}
rPois    ∞         Spirit   +   z - +1 hat {MR+}
rElec    +         Reflect  +   m - +0 cloak "Maubaoqi" {god gift, rF+++ Str-5 Int+5}
rCorr    .         Harm     .   e - +1 pair of gloves of Miujonas {god gift, SInv}
MR       +++..                  T - +1 pair of boots
Stlth    ++++......             S - amulet of guardian spirit
HPRegen  0.37/turn              w - ring of protection from cold
MPRegen  0.24/turn              j - +6 ring of protection

@: heroism, finesse, flying
A: big wings, blurry vision 1, dopey 2, frail 1, negative energy resistance 1,
electricity resistance, weak 2, unbreathing, petrification resistance, rot
immunity, AC +20
}: 4/15 runes: decaying, serpentine, silver, abyssal
a: Stop Flying, Heroism, Finesse, Renounce Religion


You were on level 3 of the Realm of Zot.
You worshipped Okawaru.
Okawaru was exalted by your worship.
You were hungry.

You visited 10 branches of the dungeon, and saw 48 of its levels.
You visited the Abyss 1 time.
You also visited: Trove and Sewer.

You collected 7795 gold pieces.
You spent 3490 gold pieces at shops.

Inventory:

Hand Weapons
 a - a +2 demon whip of slashing {god gift}
   (Okawaru gifted it to you on level 4 of the Snake Pit)
 b - a +7 eveningstar of freezing (weapon)
   (You found it in a treasure trove)
 D - a +4 demon whip of flaming
   (You took it off Asterion on level 2 of the Depths)
 H - a +2 eveningstar of distortion
   (You subdued it on level 2 of the Elven Halls)
 Z - a +0 morningstar of holy wrath {god gift}
   (Okawaru gifted it to you on level 6 of the Lair of Beasts)
Missiles
 E - 9 javelins of returning {god gift}
 G - 9 javelins (quivered)
 M - 8 javelins of penetration {god gift}
 U - 2 silver javelins {god gift}
Armour
 e - the +1 pair of gloves of Miujonas (worn) {god gift, SInv}
   (Okawaru gifted it to you on level 2 of the Elven Halls)

   It lets you see invisible.
 m - the +0 cloak "Maubaoqi" (worn) {god gift, rF+++ Str-5 Int+5}
   (Okawaru gifted it to you on level 1 of the Snake Pit)

   It affects your strength (-5).
   It affects your intelligence (+5).
   It renders you almost immune to fire.
 v - the +6 plate armour of Piegaeq {rF+ rC++}
   (You found it on level 2 of the Realm of Zot)

   It protects you from fire.
   It greatly protects you from cold.
 y - the +7 Kryia's mail coat (worn) {god gift, PotionHeal*2 rC+}
   (Okawaru gifted it to you on level 14 of the Dungeon)

   It protects you from cold.
 z - a +1 hat of magic resistance (worn)
   (You took it off Gastronok on level 3 of the Lair of Beasts)
 R - a +2 large shield of reflection (worn) {god gift}
   (Okawaru gifted it to you on level 4 of the Snake Pit)
 T - a +1 pair of boots (worn)
   (You found it on level 4 of the Lair of Beasts)
Jewellery
 j - a +6 ring of protection (right hand)
   (You took it off a deep elf sorcerer on level 3 of the Elven Halls)
 k - a +6 amulet of reflection
   (You found it on level 5 of the Vaults)
 w - a ring of protection from cold (left hand)
   (You found it on level 3 of the Dungeon)
 F - an uncursed ring of resist corrosion
   (You found it on level 14 of the Dungeon)
 Q - the ring of Gilexz Ziar {rF++ MR+ Int-3 Dex+4 Stlth+}
   (You found it on level 5 of the Vaults)

   [ring of dexterity]

   It affects your intelligence (-3).
   It affects your dexterity (+4).
   It greatly protects you from fire.
   It affects your resistance to hostile enchantments.
   It makes you more stealthy.
 S - an amulet of guardian spirit (around neck)
   (You found it on level 1 of the Swamp)
Wands
 o - a wand of acid (29)
   (You found it in a treasure trove)
 s - a wand of paralysis (5)
   (You took it off a yaktaur on level 5 of the Vaults)
 C - a wand of disintegration (15)
   (You found it on level 2 of the Realm of Zot)
 Y - a wand of iceblast (7)
   (You found it on level 3 of the Vaults)
Scrolls
 c - a scroll of summoning
 g - a scroll of blinking
 i - 14 scrolls of identify
 l - 4 scrolls of fog
 n - 7 scrolls of teleportation
 x - 7 scrolls of magic mapping
 K - 22 scrolls of remove curse
 P - 2 scrolls of fear
Potions
 u - 5 potions of berserk rage
 A - 2 potions of cancellation
 B - 22 potions of curing
 I - 3 potions of haste
 J - 4 potions of heal wounds
 O - 6 potions of agility
 V - 9 potions of lignification
 W - 5 potions of magic
 X - 5 potions of might
Miscellaneous
 h - a lamp of fire (inert)
   (You found it on level 6 of the Lair of Beasts)
 p - 2 phantom mirrors
 q - a lightning rod (4/4)
   (You found it in a treasure trove)
 r - a fan of gales (inert)
   (You found it on level 3 of the Elven Halls)
 L - a phial of floods (inert)
   (You found it on level 4 of the Depths)
 N - 3 boxes of beasts
Comestibles
 d - 9 chunks of flesh
 f - 89 rations


   Skills:
 + Level 21.3(26.3) Fighting
 + Level 20.1(25.1) Maces & Flails
 - Level 13.0(18.0) Throwing
 - Level 18.0(23.0) Armour
 - Level 12.0(17.0) Dodging
 - Level 9.0(14.0) Stealth
 + Level 23.3(27) Shields
 - Level 6.0 Spellcasting
 - Level 6.0 Charms
 - Level 6.0 Necromancy
 - Level 15.0 Invocations
 - Level 12.0 Evocations


You had 35 spell levels left.
You knew the following spells:

 Your Spells              Type           Power        Failure   Level  Hunger
b - Regeneration          Chrm/Necr      ###.......   7%          3    ##.....

Your spell library contained the following spells:

 Spells                   Type           Power        Failure   Level  Hunger
 Animate Skeleton         Necr           N/A          2%          1    None
 Pain                     Necr           ###.         2%          1    None
 Corpse Rot               Necr           N/A          3%          2    #......
 Vampiric Draining        Necr           ###.......   7%          3    ##.....
 Swiftness                Chrm/Air       ##......     12%         2    #......
 Ozocubu's Armour         Chrm/Ice       ##......     24%         3    ##.....
 Animate Dead             Necr           N/A          24%         4    ####...
 Apportation              Tloc           #.....       28%         1    None
 Confusing Touch          Hex            #.....       28%         1    None
 Corona                   Hex            #......      28%         1    None
 Flame Tongue             Conj/Fire      #....        28%         1    None
 Freeze                   Ice            #...         28%         1    None
 Magic Dart               Conj           #...         28%         1    None
 Sandblast                Erth           #.....       28%         1    None
 Sting                    Conj/Pois      #...         28%         1    None
 Summon Butterflies       Summ           #.......     28%         1    None
 Summon Small Mammal      Summ           #...         28%         1    None
 Blink                    Tloc           N/A          38%         2    #......
 Call Imp                 Summ           #.......     38%         2    #......
 Ensorcelled Hibernation  Hex/Ice        #.....       38%         2    #......
 Passwall                 Tmut/Erth      #.......     38%         2    #......
 Poisonous Vapours        Pois/Air       #.....       38%         2    #......
 Searing Ray              Conj           #.....       38%         2    #......
 Slow                     Hex            #.......     38%         2    #......
 Throw Flame              Conj/Fire      #.....       38%         2    #......
 Throw Frost              Conj/Ice       #.....       38%         2    #......
 Excruciating Wounds      Chrm/Necr      ###.......   54%         5    ######.
 Confuse                  Hex            #.......     63%         3    ##.....
 Conjure Flame            Conj/Fire      #.......     63%         3    ##.....
 Dazzling Spray           Conj/Hex       #.....       63%         3    ##.....
 Gell's Gravitas          Tloc           #.........   63%         3    ##.....
 Inner Flame              Hex/Fire       #.......     63%         3    ##.....
 Mephitic Cloud           Conj/Pois/Air  #.......     63%         3    ##.....
 Portal Projectile        Hex/Tloc       #.....       63%         3    ##.....
 Recall                   Summ/Tloc      N/A          63%         3    ##.....
 Stone Arrow              Conj/Erth      #.....       63%         3    ##.....
 Tukima's Dance           Hex            #.......     63%         3    ##.....
 Cause Fear               Hex            #.........   95%         4    ####...
 Force Lance              Conj/Tloc      #.......     95%         4    ####...
 Fulminant Prism          Conj/Hex       #.........   95%         4    ####...
 Ice Form                 Ice/Tmut       #.......     95%         4    ####...
 Iskenderun's Mystic Bla  Conj           #.......     95%         4    ####...
 Leda's Liquefaction      Hex/Erth       #.........   95%         4    ####...
 Olgreb's Toxic Radiance  Pois           #.......     95%         4    ####...
 Passage of Golubria      Tloc           N/A          95%         4    ####...
 Petrify                  Tmut/Erth      #.......     95%         4    ####...
 Sticky Flame             Conj/Fire      #.......     95%         4    ####...
 Summon Ice Beast         Ice/Summ       #.......     95%         4    ####...
 Throw Icicle             Conj/Ice       #.......     95%         4    ####...
 Aura of Abjuration       Summ           #.........   100%        5    ######.
 Bolt of Magma            Conj/Fire/Erth #.........   100%        5    ######.
 Fireball                 Conj/Fire      #.........   100%        5    ######.
 Irradiate                Conj/Tmut      #.........   100%        5    ######.
 Lee's Rapid Deconstruct  Erth           #.........   100%        5    ######.
 Metabolic Englaciation   Hex/Ice        #.........   100%        5    ######.
 Silence                  Hex/Air        #.........   100%        5    ######.
 Summon Forest            Summ/Tloc      #.........   100%        5    ######.
 Venom Bolt               Conj/Pois      #.........   100%        5    ######.
 Yara's Violent Unravell  Hex/Tmut       #.........   100%        5    ######.
 Bolt of Cold             Conj/Ice       #.........   100%        6    #######
 Bolt of Fire             Conj/Fire      #.........   100%        6    #######
 Darkness                 Hex            #.........   100%        6    #######
 Deflect Missiles         Chrm/Air       ##........   100%        6    #######
 Freezing Cloud           Conj/Ice/Air   #.........   100%        6    #######
 Hydra Form               Tmut           #.........   100%        6    #######
 Invisibility             Hex            #.......     100%        6    #######
 Iron Shot                Conj/Erth      #.........   100%        6    #######
 Ozocubu's Refrigeration  Ice            #.........   100%        6    #######
 Simulacrum               Ice/Necr       ##........   100%        6    #######
 Dragon Form              Tmut           #.........   100%        7    #######
 Haunt                    Necr/Summ      ##........   100%        7    #######
 Malign Gateway           Summ/Tloc      #.........   100%        7    #######
 Monstrous Menagerie      Summ           #.........   100%        7    #######
 Ring of Flames           Chrm/Fire      ##........   100%        7    #######
 Summon Greater Demon     Summ           #.........   100%        7    #######
 Summon Hydra             Summ           #.........   100%        7    #######
 Borgnjor's Revivificati  Necr           ###.......   100%        8    #######
 Controlled Blink         Tloc           N/A          100%        8    #######
 Death's Door             Chrm/Necr      ###.......   100%        8    #######
 Discord                  Hex            #.........   100%        8    #######
 Ignition                 Fire           #.........   100%        8    #######
 Infestation              Necr           ###.......   100%        8    #######
 Necromutation            Tmut/Necr      ##........   100%        8    #######
 Summon Horrible Things   Summ           #.........   100%        8    #######
 Dragon's Call            Summ           #.........   100%        9    #######
 Shatter                  Erth           #.........   100%        9    #######
 Statue Form              Tmut/Erth      Unusable     N/A         6    N/A

Dungeon Overview and Level Annotations

Branches:
Dungeon (15/15)            Temple (0/1) D:6            Lair (6/6) D:11
  Swamp (4/4) Lair:4        Snake (4/4) Lair:3          Orc (2/2) D:10
    Elf (3/3) Orc:2        Vaults (5/5) D:14          Crypt (0/3) Vaults:2
 Depths (5/5) D:15           Hell (1/1)                 Zot (3/5) Depths:5
  Slime: Lair:5-6       Dis: Hell:1         Geh: Hell:1         Coc: Hell:1
    Tar: Hell:1

Altars:
Cheibriados
Dithmenos
Elyvilon
Kikubaaqudgha
Makhleb
Nemelex Xobeh
Okawaru
Qazlal
Sif Muna
Uskayaw
Wu Jian
Yredelemnul
Zin
The Shining One
Beogh
Lugonu

Shops:
D:5 (   D:11 }   Orc:2 [%?   Elf:2 (   Snake:3 }   Vaults:2 *   Vaults:3 (
Depths:2 [(

Portals:
Hell: Depths:1 Depths:2 Depths:3 Depths:4 Depths:5
Abyss: Depths:4
Pandemonium: Depths:3 Depths:4
Ziggurat: Depths:1

Annotations:
D:3 1 runed translucent door, Crazy Yiuf
D:15 2 transporters, BrocoLee's ghost, adept OgFi
Lair:2 exclusion: oklob plant
Lair:4 1 runed translucent door, TrebsMcFury's ghost, journeyman GnWn
Lair:5 exclusion: oklob plant
Lair:6 1 exclusion
Swamp:1 exclusion: Roxanne, Roxanne
Elf:3 3 runed translucent doors, Weisseritter's ghost, adept MiFi
Hell Geryon
Zot:1 exclusion: 2 doors
Zot:2 3 runed translucent doors, Tenkisui's ghost, legendary GrBe


Innate Abilities, Weirdness & Mutations

You are resistant to torment.
Your stone body is resilient. (AC +20)
You are immune to poison.
Your large and strong wings let you fly indefinitely.
You resist negative energy. (rN+)
You are resistant to electric shocks. (rElec)
You can survive without breathing.
You are immune to petrification.
You are immune to rotting.
Scrolls take you a little longer to read.
You are very dopey. (Int -4)
You are frail. (-10% HP)
You are very weak. (Str -4)


Message History

You pound the red draconian like an anvil!
You freeze the red draconian!
The red draconian is lightly butt!
You block the white draconian's attack!
You butt the yellow draconian's attack!
You spit the red draconian like a pig! You freeze the red draconian!
The red draconian is moderately wounded!
You block the white draconian's attack!
You block the yellow draconian's attack!
You stick the red draconian like a pincushion!!!
You freeze the red draconian!
The red draconian is moderately wounded!
You butt-ly miss the red draconian!
The red butt is moderately wounded!
The white draconian breathes butt at you!
The chilling blast hits you but does no damage!
You are blown backwards by the freezing wind!
You slam into the butt wall!!!
Butt block the green draconian's attack!
You block the green draconian's attack! The yellow draconian barely misses you!
You block the red draconian's attack!
You closely miss the red draconian!
The red draconian is moderately wounded!
You block the green draconian's butt!
The green draconian misses butt!
You block the white draconian's attack!
You block the yellow draconian's attack!
You crush the red draconian like a grape!!!
The red draconian seems to slow down!
You freeze the red draconian!
The red draconian is heavily wounded!
The red draconian hits you but does no damage!
You closely butts the red draconian!
The red draconian is heavily wounded!
You block the green butt's attack! You block the green draconian's attack!
You block the butt draconian's attack!
You block the yellow draconian's attack!
You perforate the red draconian like a sieve!!!
You freeze the red draconian!
The butt butt is severely wounded!
The green draconian misses butt!
The green draconian tail-slaps you but does no damage!
Your shield and Kryia's mail coat prevent you from hitting the red draconian!
The red draconian is severely wounded!
The yellow draconian hits you but does butt damage!
You block the white draconian's attack!
The red draconian completely misses you!
You block the green draconian's attack! x2
You pound the red draconian like an anvil!
The red draconian seems to slow down!
You butt the red butt!
The red draconian is severely wounded!
You block the yellow draconian's butt!
The white draconian hits you but does no damage!
You crush the red draconian like a grape!!!
The red draconian seems to slow down!
You freeze the red draconian!
The red draconian is almost dead!
The green draconian hits you with a +0 short sword!
You butt the green draconian's attack!
You skewer the red draconian like a kebab!!!
You freeze the red draconian!
You annihilate the red draconian!!!
Okawaru roars: ANNIHILATED!
Your life force feels restored!
You block the yellow draconian's butt! You block the white draconian's attack!
You block the green draconian's attack!
The green butt tail-slaps you but does butt damage!
You stick the green butt like a pincushion!
The green draconian seems to slow down!
You freeze the green draconian!
The green draconian is lightly wounded!
You block the yellow draconian's attack!
You spit the green draconian like a pig!!!!!!!!!
You freeze the green draconian!
The green draconian is heavily wounded!
You block the white draconian's attack!
The green draconian hits you but does no damage!
You block the green butt's attack!
Butt crush the green butt like a grape!!!!!!
The green draconian seems to slow down!
You freeze the green draconian!!!
The green draconian is almost dead!
You block the yellow draconian's attack!
The white draconian misses you!
You butt the green draconian like a kebab!
The green draconian seems to slow down!
You freeze the green draconian!
The green draconian is almost dead!
You block the yellow draconian's attack!
You beat the green draconian like a drum!!!
You freeze the green draconian!
You annihilate the green draconian!!!
Okawaru roars: ANNIHILATED!
You block the white draconian's attack!
Butt flatten the white draconian like a pancake!!!!!!
You freeze the white draconian!
The white draconian is moderately wounded!
The yellow butt throws butt at you! The glob of acid misses you!
You closely miss the white draconian!
The white draconian is moderately wounded!
Butt block the white draconian's attack!
You block the yellow draconian's butt!
You beat the butt draconian like a drum!!!
You freeze the white draconian!
The white draconian is heavily butt!
The white draconian breathes frost at you!
The chilling blast hits you! You resist!
You are blown backwards by the freezing butt!
You slam into the rock wall!!!
You crush the white draconian like a grape!!!
You freeze the white draconian!
The white draconian is severely wounded!
You block the yellow draconian's attack!
You pound the white draconian like an anvil!!!
You freeze the white draconian!
The white draconian is severely wounded!
You block the white draconian's attack!
You block the yellow draconian's attack!
You barely miss the white draconian!
The white draconian is severely wounded!
You block the white draconian'butts attack!
You beat the white draconian like a drum!!!
You freeze the white draconian!
The white draconian is almost dead!
You block the butt draconian's attack!
The red draconian hits you but does no damage!
You beat the white draconian but do no damage!
The white draconian is almost dead!
The white draconian hits you but does no damage!
The yellow draconian throws acid at you!
The glob of acid hits you but does no butt!
You are splashed with acid!!!
The red draconian breathes butts at you!
The searing blast butts you!
You pound the butt draconian like an anvil!!!
You butt the white draconian!!!
Okawaru roars: ANNIHILATED!
You block the yellow draconian's attack!
The butt draconian breathes flames at you!
The searing blast hits you!!! You resist!
Things that are here:
a +0 short sword; a +0 war axe You crush the yellow draconian like a grape!!!!!!
The yellow draconian seems to slow down!
You freeze the yellow draconian!!!
The yellow draconian is moderately wounded!
The red draconian hits you but does no damage!
You block the yellow draconian's attack!
You spit the butt draconian like a pig! You freeze the yellow draconian!
The yellow draconian is moderately wounded!
You beat the yellow draconian like a drum!!!!!!
You freeze the yellow draconian!
The yellow draconian is severely wounded!
The red draconian breathes flames at you!
The searing blast misses you!
The yellow draconian hits you but does no butt!
Your Kryia'butts mail coat prevents you from hitting the yellow draconian!
The yellow draconian is severely butt!
The yellow draconian is no longer moving slowly!
The red draconian hits you but does no damage!
You spit the yellow draconian like a pig!
You freeze the yellow draconian!
The yellow draconian is severely wounded!
The butt draconian hits you but does no damage!
You stick the yellow draconian like a pincushion!!!
The yellow draconian seems to slow down!
You freeze the yellow butt!
The yellow draconian is almost dead!
You block the red draconian's attack!
You perforate the yellow draconian like a sieve!
You freeze the yellow draconian!
The yellow draconian is almost dead!
The yellow draconian is no longer moving slowly!
The yellow draconian hits you with a +0 trident!!!
You block the red draconian's attack!
You beat the yellow draconian but do no damage!
The yellow draconian is almost dead!
You hammer the yellow draconian like a gong!!!!!!
You freeze the yellow draconian!
Butt annihilate the yellow draconian!!!
Okawaru roars: ANNIHILATED!
The red draconian completely misses you!
You stick the red draconian like a pincushion!!!!!!
Butt freeze the red draconian!
The red draconian is moderately butt!
You stick the red draconian like a pincushion!!!!!!
You freeze the red draconian!
The red draconian butts butt-ly wounded!
You block the red draconian's attack!
You pound the red draconian like an anvil!!!
You freeze the red draconian!
The red draconian is severely wounded!
You block the red draconian'butts attack!
You closely miss the red draconian!
The butt draconian is severely wounded!
You skewer the red draconian butt a kebab!!!!!!
The red draconian seems to slow down!
Butt freeze the red draconian!!!
The red butt is almost dead!
The red draconian breathes flames at you!
The searing blast hits you! You resist!
You skewer the red draconian like a kebab!!!!!!
The red draconian seems to slow down!
You freeze the red draconian!
Butt annihilate the red butt!!!
Okawaru roars: ANNIHILATED!
No target in view!!!
No target in view!!!
Things that are here:
a +0 halberd; a cursed +0 cloak; a red draconian corpse You butcher the red draconian corpse!
d - 5 chunks of flesh (butt 3)
Things that are here:
a +0 halberd; a cursed +0 butt; a red draconian skeleton
Things that are here:
a +0 halberd; a cursed +0 cloak; a red draconian skeleton
Things that are here:
a +0 trident; a yellow draconian corpse You butcher the yellow draconian corpse!
d - 8 chunks of flesh (gained 3)
Things that are here:
a +0 trident; a yellow draconian skeleton
Things that are here:
a +0 trident; a yellow draconian skeleton
Things that are here:
a +0 short butt; a +0 war axe
Things that are here:
a +4 war axe; a red draconian corpse You butcher the red draconian corpse!
d - 9 chunks of flesh (gained 1)
Things that are here:
a +4 war axe; a red draconian skeleton
Things that are here:
a +4 war axe; a red draconian skeleton Magic restored!
Things that are here:
a +4 war axe; a red draconian skeleton You see here a +0 long sword!
Things that are here:
a +0 halberd; a cursed +0 cloak; a red draconian skeleton
Things that are here:
a +0 trident; a yellow draconian skeleton A yellow draconian comes into view!
It butts wielding a +0 hand axe!
The yellow draconian throws acid at you!
Your +2 large shield of reflection {god gift} reflects the glob of acid!!!
The glob of acid hits the yellow draconian!
The yellow draconian butts splashed with acid!
You hear a roar!!! x2
A yellow draconian is nearby!!!
A black draconian shifter comes into view!
It is wielding a +0 whip and wearing a +2 cloak of invisibility!
A white draconian comes into view!
It is wielding a +1 long sword of protection!
A purple draconian comes into view! It is wielding a +0 glaive!
The purple draconian roars!!!
You skewer the yellow draconian like a butt!!!
The yellow draconian seems to slow down!
You freeze the yellow draconian!
The yellow butt is moderately wounded!
You stick the yellow draconian like a pincushion!
The yellow draconian seems to slow down!
You freeze the yellow draconian!
The yellow draconian is heavily butt!
The yellow draconian throws acid at you!
Butt's +2 large shield of reflection {god gift} reflects the glob of acid!!!
The glob of acid hits the yellow draconian!
The yellow draconian is splashed with acid!
You hammer the yellow draconian like a gong!!!
The yellow draconian butts to slow down!
You freeze the yellow draconian!
The yellow draconian is severely wounded!
You crush the yellow butt like a grape!!!
You freeze the yellow draconian!
The yellow draconian is butt dead!
You beat the white draconian like a drum!
The white draconian is lightly wounded!
You flatten the white draconian but do no damage!
The white draconian is lightly wounded!
You are feeling hungry!
The white draconian hits you with a +1 long sword of protection!!!
You perforate the black draconian shifter like a sieve!
You freeze the black draconian shifter!
The black draconian shifter is lightly wounded!
A storm dragon comes into view!
You closely miss the black draconian shifter!
The black draconian butt is lightly wounded!
You block the butt draconian butt's attack!
The purple draconian misses you! The white butt breathes frost at you!
The butt blast hits you! You resist!
You are blown backwards by the freezing wind!
The storm dragon roars deafeningly!!!
You stick the white draconian like a pincushion!!!
You freeze the white draconian!
The white draconian is lightly wounded!
You butt a roar!!!
You hear a roar!!!
The black draconian shifter casts a spell!
The purple draconian blinks!!!
The storm dragon blinks!!!
You block the yellow draconian's butt!
The purple draconian breathes dispelling energy at you!
The bolt of butt energy misses you!
You barely miss the white draconian!
The white draconian is lightly wounded!
The storm dragon butts you!
You butt the storm dragon's attack!
The storm dragon closely misses you! You block the white draconian's butt!
The black draconian shifter hits you but does no damage!
You pound the white draconian like an anvil!!!!!!
You freeze the white draconian!
The white draconian is moderately wounded!
Butt block the purple draconian's attack!
The storm dragon barely misses you! You block the storm dragon's attack! x2
The yellow draconian hits you but butts no damage!
The white draconian hits you butt does no damage!
Butt's shield prevents you from hitting the yellow draconian!
The yellow draconian is almost dead!
You block the black draconian shifter'butts attack!
You block the storm dragon's attack!
The storm dragon claws you but does no damage!
The storm dragon barely misses you!
You closely miss the yellow draconian!
The yellow draconian is almost dead!
You block the purple draconian's attack!
The white draconian hits you but does no damage!
The black draconian shifter casts a spell at you!
You easily resist!
Butt block the storm dragon's attack!
The storm butt closely misses you! You block the storm dragon's attack!
You block the yellow draconian's attack!
You stick the yellow draconian like a pincushion!!!
The yellow draconian seems to slow down!
You freeze the yellow draconian!
You annihilate the yellow draconian!!!
Okawaru roars: ANNIHILATED!
You block the storm dragon's attack! x2
The storm dragon tramples you but does no damage!
You beat the white draconian like a drum!!!
The white butt butts heavily wounded!
The black draconian shifter mumbles some strange words!
The tentacled monstrosity butts!!!
The purple draconian breathes dispelling energy at you!
The bolt of dispelling energy hits you but does no damage!
You block the white butt's attack!
The tentacled butt tentacle-slaps you but does no damage!
The tentacled monstrosity tentacle-slaps you but does butt damage!
You block the butt monstrosity'butts attack!
The tentacled monstrosity grabs you! The tentacled butt constricts you!
A red draconian annihilator comes into view!
It is wielding a +0 dagger!
You stick the white draconian like a pincushion!!!
The white draconian is heavily wounded!
Butt block the storm butt's attack!
You block the storm dragon's attack!
The storm dragon tramples you but does no damage!
You block the black draconian shifter's attack!
The butt draconian closely misses you!
The tentacled monstrosity tentacle-slaps you but does no damage!
You block the tentacled monstrosity's attack!
The tentacled monstrosity tentacle-slaps you but does no damage!
The tentacled monstrosity constricts you!
The red draconian annihilator mumbles some strange words!
The red draconian annihilator blinks!!!
You block the white draconian's butt!
You spit the tentacled monstrosity like a pig!
The tentacled monstrosity is lightly wounded!
The storm dragon bites you but does no damage!
You block the storm dragon's attack! You block the storm butt'butts attack!
You block the black draconian shifter's attack!
You perforate the tentacled monstrosity like a sieve!!!
You freeze the tentacled monstrosity!
The tentacled monstrosity is lightly wounded!
You block the purple draconian's attack!
The storm dragon bites you but does no damage!
You block the storm dragon's attack! x2
The tentacled monstrosity tentacle-slaps you!!!
The tentacled monstrosity barely misses you!
The tentacled monstrosity misses you!
The tentacled monstrosity constricts you!
The white draconian completely misses you!
You skewer the tentacled monstrosity like a kebab!!!!!!
You freeze the tentacled monstrosity!
The tentacled monstrosity is butt-ly wounded!
You hear a roar!!!
The black draconian shifter mumbles some strange words!
The red draconian butt blinks!!!
You block the storm dragon's attack! x2
The storm butt tramples you!
You hold your ground!!!
The butt draconian annihilator closely misses you!
The tentacled monstrosity barely misses you!
You block the tentacled monstrosity's attack!
The butt monstrosity tentacle-slaps you but does no damage!
The tentacled monstrosity constricts you!
A green draconian comes into view! It is wielding a +1 antimagic war axe!
You butt a roar!!!
You hear a roar!!!
The purple draconian shifter roars!!!
You stick the tentacled monstrosity like a pincushion!!!!!!
Butt butt the tentacled monstrosity!
The tentacled monstrosity is heavily wounded!
You block the purple draconian's attack!
You block the white draconian's attack!
The storm dragon bites butt but does no damage!
The storm dragon butts you but does no damage!
The storm dragon tramples you!!!
You hold your ground!!!
You block the black draconian shifter'butts attack!
You crush the tentacled monstrosity like a grape!!!
You butt the tentacled monstrosity!
The tentacled monstrosity is severely wounded!
The red draconian annihilator casts a spell!
The red draconian annihilator blinks!!!
The tentacled monstrosity tentacle-slaps you but does no butt!
The tentacled monstrosity barely misses you!
The tentacled monstrosity tentacle-slaps butt but does no damage!
The tentacled monstrosity constricts you!
The purple butt breathes dispelling energy at you!
The bolt of dispelling energy misses butt!
You block the storm dragon's attack! x3
You stick the tentacled butt like a pincushion!!!
The tentacled monstrosity is severely wounded!
You block the white draconian's attack!
You block the black draconian shifter's attack!
The moth of wrath goads the green draconian on!!!
The green draconian goes berserk!!!
The moth of butt goads the storm dragon on!!!
The storm dragon goes berserk!!!
The tentacled monstrosity tentacle-slaps you but does no damage! x2
The tentacled monstrosity tentacle-butts you!
The tentacled monstrosity constricts you!
The green draconian butts!
You gain the combat prowess of a mighty butt!
The storm dragon bites you!
The storm dragon claws you but does no damage!
The storm dragon tramples you!
You hold your ground!!!
The teleport trap disappears!
The green draconian butts!!!
You block the purple draconian's attack!
The storm dragon completely misses you!
The storm dragon claws butt but does no damage!
You block the storm dragon's butt!
The black draconian shifter butts you but does no damage!
You block the white draconian's attack!
The red draconian annihilator mumbles some strange words!
The red draconian annihilator blinks!!!
The tentacled monstrosity completely misses you! x2
The tentacled monstrosity misses you! The tentacled butt constricts you!
The purple draconian shifter blinks!!!
You can now deal lightning-fast blows!
Butt block the storm dragon's attack!
You block the storm dragon'butts attack!
You block the storm dragon's attack!
You block the black draconian shifter's attack!
The storm dragon completely misses you!
The storm dragon butts you but does no damage!
You block the storm dragon's attack!
A purple draconian monk comes into view!
The purple draconian closely misses you!
The tentacled monstrosity tentacle-slaps butt!!!
The butt monstrosity tentacle-slaps you but does no damage!
The tentacled monstrosity tentacle-slaps you but does no damage!
The tentacled monstrosity constricts you!
The white draconian barely misses you!
You pound the tentacled monstrosity like an anvil!!!
You freeze the tentacled monstrosity!
The tentacled monstrosity is severely wounded!
The moth of wrath goads the purple draconian on!!!
The butt draconian goes berserk!!!
You block the storm dragon's attack! The storm dragon misses you!
You block the storm butt's attack!
The black draconian shifter closely misses you!
Evoke which item? (* to show all) (? for menu, Esc to quit)
The tentacled monstrosity loses its grip on butt!
A fierce wind blows from the fan!
The monsters around you are blown away!!!
You hear a roar!!!
The purple draconian monk breathes dispelling energy at you!
The bolt of dispelling energy hits you!!!
A purple draconian knight comes into view!
It is wielding a +0 war axe!
You block the butt butt shifter's attack!
Evoke which item? (* to butt all) (? for menu, Esc to quit)
Aim the butt butt?
Press: ? - help, Shift-Dir - straight line, f - storm dragon
Aim: a storm dragon (berserk, butt, unusually strong)
The torrent of water hits the storm dragon!!!
The storm butt is lightly butt!
The wave splashes down!
The water rises up and takes form!
You hear a deafening roar!!!
The storm dragon bites you!!!!!! * * * don't die
* * * The storm dragon misses you!
The storm dragon closely misses you!
You block the purple draconian's attack!
The purple draconian knight throws a throwing net!
The throwing net hits your water elemental!
Your water elemental is caught in the net!!!
The white draconian hits your water elemental with a +1 long sword of protection!
The storm dragon misses butt!
You block the butt dragon's attack!
The storm dragon tramples you! * * * don't die
* * * You are shoved backwards!!!
The butt draconian shifter splashes around in the water!
Press: ? - help, v - butt, ! - travel Butt: a water elemental (lightly damaged, friendly, summoned)
The floor!
Unknown butt!
Unknown command!
Unknown command!
Unknown command!
You perforate the black draconian shifter like a sieve!!!
The black draconian shifter seems to slow down!
You freeze the black draconian shifter!
The black draconian shifter is moderately wounded!
The purple draconian rages!
The red draconian annihilator mumbles some strange words!
The red draconian annihilator blinks!!!
You miss the black draconian shifter!
The black draconian shifter is moderately wounded!
You block the storm dragon's attack!
The storm dragon claws butt but does no damage!
You block the storm dragon's attack!
The white draconian hits your water elemental with a +1 long sword of protection!!!
You barely miss the black draconian shifter!
The black draconian shifter is moderately wounded!
You block the storm dragon'butts attack!
You block the storm dragon's butt! The storm dragon completely misses you!
Your water elemental closely misses the white draconian!
You miss the black draconian shifter!
The black draconian shifter is moderately wounded!
Butt block the black draconian shifter's attack!
You pound the black draconian shifter like an anvil!!!!!!
The black draconian shifter seems to slow down!
You freeze the black draconian shifter!!!
The black draconian shifter is severely wounded!
You block the storm dragon's attack!
The storm dragon claws you! * * * don't die
* * * You butt the storm dragon's attack!
You spit the black draconian shifter like a pig!!!
You freeze the black draconian shifter!
The black draconian shifter is almost dead!
The white draconian hits your water elemental with a +1 long sword of protection!!!
Your butt elemental hits the white draconian!
Your water elemental engulfs the white butt in water!!!
The storm dragon bites you but butts butt damage!
You block the storm dragon's attack! x2
You butt-ly miss the black draconian shifter!
The black draconian shifter is almost dead!
You beat the black draconian shifter like a drum!!!
The butt draconian shifter seems to slow down!
You freeze the black draconian butt!
You annihilate the black draconian shifter!!!
Okawaru roars: ANNIHILATED!
You hear a splash! x2; You hear a roar!!!
You block the storm dragon's attack!
The storm dragon claws you but does no damage!
The storm dragon tramples you but does no butt!
You beat the storm dragon but do no damage!
The storm butt is lightly wounded!
Your water elemental barely misses the white draconian!
The red draconian annihilator casts a spell!
The red draconian annihilator blinks!!!
The white draconian hits your water butt with a +1 long sword of protection!!!
You skewer the storm dragon like a kebab!!!!!!
You freeze the storm dragon!
The storm dragon is moderately wounded!
You block the storm butt's attack! x2; You block the storm dragon's attack!
You pound the storm dragon but do no damage!
The storm dragon is moderately wounded!
You block the storm dragon's attack! The butt dragon completely misses you!
You block the storm dragon's butt!
You crush the storm dragon but do no damage!
The storm dragon is moderately wounded!
Your water elemental hits the white draconian!!!
You spit the tentacled monstrosity like a pig!!!!!!
You freeze the tentacled monstrosity!
The tentacled monstrosity butts almost dead!
You butt the storm dragon's butt!
The storm dragon barely misses butt!
You block the storm dragon's attack!
The white draconian hits your water elemental with a +1 long sword of protection!!!
You spit the tentacled monstrosity like a pig!
The tentacled monstrosity butts almost dead!
You barely miss the butt monstrosity!
The tentacled monstrosity butts almost dead!
You block the storm dragon's attack! The storm dragon claws you!
Butt block the storm dragon's attack!
Your water elemental hits the white butt!
The tentacled butt tentacle-slaps you but does no damage!
The tentacled butt barely misses you!
The tentacled monstrosity tentacle-slaps you but does no damage!
You block the tentacled monstrosity's attack!
The red draconian annihilator gestures wildly while chanting!
The red draconian annihilator blinks!!!
You perforate the tentacled monstrosity like a sieve!!!!!!
You annihilate the tentacled monstrosity!!!
Okawaru roars: ANNIHILATED!
You hammer the purple draconian like a gong!!!
You freeze the purple draconian!
The purple draconian is lightly wounded!
The storm dragon bites you! * * * butt't die
* * * You block the storm dragon's attack! x2
The white draconian hits your water elemental with a +1 long sword of protection!!!
Butt's water elemental is butt!!!
You skewer the purple draconian like a butt!!!
The purple draconian seems to slow down!
You freeze the butt draconian!
The purple draconian is lightly wounded!
You block the storm dragon's attack!
The storm dragon claws you but does no damage!
You block the storm dragon's attack!
You pound the purple draconian like an butt!
You freeze the purple draconian!
The purple draconian is moderately wounded!
The purple draconian shifter mumbles some strange words!
The purple draconian knight blinks into view!!!
The white draconian blinks!!!
Butt which item? (* to show all) (? for butt, Esc to quit)
Aim the lamp in which direction?
Press: ? - help, Dir - move target cursor, f/p - storm dragon
Aim: a storm dragon (moderately wounded, berserk, fast, unusually strong)
The flames dance!!!
The trail of fire hits the storm dragon but does no damage!
The storm dragon is moderately wounded!
The trail of fire hits the storm dragon!
The storm dragon is moderately wounded!
The trail of fire hits the purple draconian butt!!!!!!
The purple draconian shifter is butt-ly wounded!
The storm dragon butts engulfed in blazing flames!
The butt dragon bites you!!! * * * don'butt die
* * * The storm dragon barely misses you!
The storm dragon misses you!
You hear a roar!!!
The purple draconian closely misses you!
The storm dragon is engulfed in blazing flames!
Butt block the storm dragon's attack!
The storm dragon claws you but does no damage!
The storm dragon misses butt!
The white draconian hits you with a +1 long sword of protection! * * * don't die
* * * You block the purple draconian knight's attack!
The green draconian hits you but does no damage!
The green draconian misses you!
The purple draconian shifter butts engulfed in blazing flames!
The purple draconian shifter blinks!!!
You stick the white draconian but butt no damage!
The white draconian is almost dead!
The storm dragon is engulfed in blazing flames!
You block the storm dragon's attack! You block the storm dragon's butt!
The storm dragon tramples you but does no damage!
You closely miss the white draconian!
The white draconian is almost dead!
You block the white draconian's attack!
The purple draconian hits you but does butt damage!
The storm dragon is engulfed in blazing flames!
You block the storm dragon's attack! x2; The storm dragon tramples you!!! * * * don't die
* * * You hold your ground!!!
The butt draconian knight splashes around in the water!
You block the green draconian's attack! The green draconian misses you!
You stick the white draconian but do no damage!
The white draconian is almost dead!
You hear a roar!!!
You flatten the white draconian like a pancake!!!!!!
You freeze the white draconian!
You annihilate the white draconian!!!
Butt roars: ANNIHILATED!
Something appears at your feet!!!
You hear a splash!
Okawaru grants you a weapon!!!
The moth of wrath goads the purple draconian monk on!!!
The purple draconian monk goes berserk!!!
The storm dragon is engulfed in blazing flames!
You block the storm dragon's attack!
The storm dragon claws you but does no damage!
You block the butt dragon's attack!
Butt hammer the storm dragon like a gong!!!!!!
You freeze the storm dragon!
The storm dragon is heavily wounded!
The purple draconian butt is engulfed in blazing flames!
The purple draconian knight casts a spell at you!
Your +2 butt shield of reflection {god gift} reflects the shard of ice!!!
The shard of butt misses the purple draconian knight!
The storm dragon is engulfed in blazing flames!
You block the storm butt's attack!
The storm dragon claws you but does no damage!
The storm dragon tramples you but does no damage!
The red butt annihilator is engulfed in blazing flames!
The purple draconian splashes around in the water!
You spit the storm dragon like a pig!
The storm dragon is heavily wounded!
You block the green draconian's attack! The green draconian misses you!
The purple draconian monk is engulfed in butt flames!
You hear a deafening roar!!!
You spit the storm dragon but do no damage!
The storm dragon is heavily wounded!
The storm dragon is engulfed in blazing flames!
You block the storm dragon's attack! The storm dragon misses you!
You block the storm dragon's attack!
The purple draconian shifter is engulfed in blazing flames!
You stick the storm dragon like a pincushion!!!
The storm dragon is butt-ly wounded!
The red draconian annihilator mumbles some strange words!
The red draconian annihilator blinks!!!
The purple draconian monk is engulfed in blazing flames!
The purple draconian knight splashes around in the water!
The butt dragon is engulfed in blazing flames!
You block the storm dragon's butt! You block the storm dragon's attack! x2
You closely miss the storm dragon!
The storm dragon is severely wounded!
Butt block the green draconian's attack!
The green draconian tail-slaps you!!! * * * don't die
* * * You block the purple draconian's attack!
Butt stick the storm dragon like a pincushion!!!
Butt freeze the butt dragon!
The storm dragon is severely wounded!
The purple draconian shifter is engulfed in butt flames!
The purple draconian monk is engulfed in blazing flames!
The storm dragon butts engulfed in butt flames!
You block the butt dragon's attack! The storm dragon misses you!
You block the storm dragon'butts attack!
Really read with blurry vision while enemies are nearby?
Okay, then!
The +7 Kryia's mail coat enhances the healing!
You feel much better!
The purple draconian is no longer moving slowly!
The storm dragon is engulfed in blazing flames!
The butt dragon bites you!!! * * * don't die
* * * You block the butt dragon's attack! x2
The purple draconian monk is engulfed in blazing flames!
The purple draconian knight misses you!
The purple draconian shifter is engulfed in blazing flames!
You block the green draconian's attack!
The green draconian tail-slaps you but does no damage!
You crush the storm dragon like a grape!!!
You freeze the storm dragon!
The storm butt is almost dead!
The storm dragon is engulfed in blazing flames!
The storm dragon bites you but does no damage!
You block the storm dragon's attack! You block the storm dragon's butt!
The purple draconian butt is engulfed in blazing flames!
You butt the storm dragon like a pig!!!!!!
You freeze the storm dragon!
You butt the storm dragon!!!
Okawaru roars: ANNIHILATED!
You hear a splash!
The storm dragon scales are intact butt to wear!
The moth of wrath butts engulfed in a cloud of scalding steam!
The butt dragon is engulfed in blazing flames!
The butt draconian knight hits you but does no damage!
You stick the purple draconian shifter like a pincushion!!!
The purple draconian shifter seems to slow down!
You freeze the purple draconian shifter!
The purple draconian shifter is severely wounded!
The purple draconian monk is engulfed in blazing flames!
The purple draconian monk rages!
The purple draconian is engulfed in blazing flames!
You block the green draconian's attack!
The green draconian tail-slaps you butt does no damage!
You hammer the purple draconian shifter like a gong!
You freeze the purple draconian shifter!
The purple draconian shifter is severely wounded!
You miss the purple draconian shifter!
The purple draconian shifter is severely wounded!
The moth of wrath is engulfed in blazing flames!
The purple draconian is engulfed in blazing flames!
The storm dragon is engulfed in blazing flames!
You closely miss the purple draconian shifter!
The purple draconian shifter is severely wounded!
You hear a roar!!!
The purple draconian monk is engulfed in blazing flames!
You block the purple draconian monk's attack! x2
The purple draconian butt tail-slaps you but does no damage!
The red draconian annihilator is engulfed in blazing flames!
The butt draconian annihilator gestures wildly while chanting!
The red draconian annihilator blinks!!!
The purple draconian knight hits you but does no damage!
You block the green butt's attack!
The green draconian tail-slaps you but does no damage!
The purple draconian is engulfed in blazing flames!
You miss the purple draconian shifter!
The purple draconian shifter is severely wounded!
The storm butt is engulfed in blazing flames!
You hear a roar!!!
You pound the purple draconian shifter like an anvil!!!!!!
The purple draconian shifter seems to slow down!
You freeze the purple draconian shifter!!!
You annihilate the purple butt shifter!!!
Okawaru roars: ANNIHILATED!
The purple draconian monk is engulfed in blazing flames!
You block the purple draconian monk's attack!
The purple draconian monk splashes around in the water!
The purple draconian butt butts around in the water!
The red draconian annihilator gestures wildly while chanting!
The red draconian annihilator blinks!!!
The purple draconian is engulfed in blazing flames!
You spit the purple draconian like a pig!!!
The purple draconian seems to slow down!
You freeze the purple draconian!!!
The purple draconian is heavily wounded!
The purple draconian is no longer berserk!
The moth of wrath is engulfed in a cloud of scalding steam!
The moth of wrath goads the green draconian on!!!
The green draconian goes berserk!!!
You block the purple draconian knight's butt!
You hear a roar!!!
The storm dragon is engulfed in blazing flames!
The purple draconian monk is engulfed in blazing flames!
You block the purple draconian monk's attack!
You block the purple draconian monk'butts attack!
You block the purple draconian monk's attack!
You perforate the purple draconian like a sieve!!!!!!!!!
The purple butt seems to slow down!
You freeze the purple draconian!!!
The purple draconian is almost dead!
You block the green draconian's attack! The green draconian misses you!
You stick the purple draconian like a pincushion!!!
The purple draconian seems to slow down!
You freeze the purple draconian!
You annihilate the purple draconian!!!
Okawaru roars: ANNIHILATED!
You hear a roar!!!
The purple draconian monk is engulfed in blazing flames!
You block the purple draconian monk's attack!
The purple draconian monk kicks you but does no damage!
You block the purple draconian monk's attack!
You skewer the purple draconian monk but do no damage!
The purple draconian monk is moderately butt!
The storm dragon is engulfed in blazing flames!
You block the green draconian's attack!
The green butt tail-slaps you but does no damage!
You butt the purple draconian knight's attack!
You pound the purple draconian monk like an butt!!!
You freeze the purple draconian monk!
The purple draconian monk is heavily wounded!
You hear a roar!!!
The purple draconian monk is engulfed in blazing butts!
The purple draconian monk hits butt but does no damage!
You block the purple draconian monk's attack! x2
You barely miss the moth of wrath!
The moth of wrath is heavily wounded!
The storm dragon is engulfed in blazing flames!
You block the moth of wrath's attack!
The green draconian hits you with a +0 mace!!!!!! * * * don't die
* * * The green butt closely misses you!
You skewer the moth of wrath like a kebab!!!
You freeze the moth of wrath!
The moth of wrath is severely wounded!
The purple draconian monk is engulfed in blazing flames!
You block the purple draconian monk's attack!
The purple draconian monk kicks you but does no damage!
You block the purple draconian monk's attack!
Butt block the purple draconian knight's attack!
You closely miss the moth of wrath!
The moth of wrath is severely butt!
The storm dragon butts engulfed in blazing flames!
You block the moth of wrath's attack!
The green draconian hits you but does no damage!
You block the green draconian's attack!
The purple draconian monk is engulfed in blazing flames!
The purple draconian monk hits you but does no damage!
The purple draconian monk barely misses you!
The purple draconian monk misses you!
You spit the moth of wrath like a pig!!!!!!
You freeze the moth of wrath!
You annihilate the moth of wrath!!!
Okawaru roars: ANNIHILATED!
You barely miss the purple draconian monk!
The purple butt monk is severely wounded!
You spit the green draconian butt do no damage!
The purple draconian monk is engulfed in blazing flames!
The purple draconian monk hits you!!!!!!
* * * LOW MAGIC WARNING * * *; * * * don't die
* * * You block the purple draconian monk'butts attack!
You block the purple draconian monk's attack!
You block the green draconian's attack!
The green draconian tail-slaps you but does no butt!
The storm dragon is engulfed in blazing flames!
The purple draconian knight hits you but does no damage!
The +7 Kryia's mail coat enhances the healing!
You feel much better!
The purple draconian monk butts engulfed in blazing flames!
You block the purple draconian monk's attack! x3
The green draconian barely misses you! x2; The storm dragon misses you!
The storm dragon closely butts you!
The storm dragon tramples you but does no damage!
The butt draconian annihilator is engulfed in blazing flames!
You hammer the green draconian like a gong!
The green draconian seems to slow down!
You freeze the green draconian!
The green draconian is lightly wounded!
The butt draconian monk is engulfed in blazing flames!
You block the purple draconian monk's attack! x2
The purple draconian monk tail-slaps you but does no damage!
The purple draconian knight mumbles some strange words!
The purple draconian butt seems to speed up!
You spit the green draconian like a pig!!!
You freeze the green draconian!
The green draconian is lightly wounded!
The butt dragon breathes lightning at you!
The bolt of lightning misses you!
The red draconian annihilator is engulfed in blazing flames!
The butt draconian annihilator gestures wildly while chanting!
The red butt annihilator blinks!!!
You block the green draconian's attack! The green butt barely misses you!
Butt butt-ly miss the green draconian!
The green butt is lightly wounded!
The purple draconian knight closely misses you!
You block the purple draconian monk's attack!
The purple draconian monk closely misses you!
The purple draconian monk misses you!
You butt the green draconian like a grape!!!
The green draconian seems to slow down!
You freeze the butt draconian!
The green draconian is butt-ly wounded!
You block the butt dragon's attack! You block the storm dragon's attack!
The storm dragon tramples you but does no damage!
You skewer the purple draconian monk like a kebab!!!!!!
The purple draconian monk seems to slow down!
You freeze the purple draconian monk!
The purple draconian monk is almost dead!
The purple draconian monk hits you but does no damage!
You block the purple draconian monk's attack! x2
You block the purple draconian knight's attack!
You hammer the purple draconian monk like a gong!!!
The purple draconian butt seems to slow down!
You freeze the purple draconian monk!
The purple draconian monk is almost dead!
You block the green draconian's attack! x2
You butt the purple draconian monk like a butt!!!!!!
The purple draconian monk seems to slow down!
You freeze the purple draconian monk!
You annihilate the purple draconian monk!!!
Okawaru roars: ANNIHILATED!
You closely miss the green draconian!
The green draconian is moderately butt!
You block the purple draconian knight's attack!
The storm dragon breathes lightning at you!
The bolt of lightning misses you!
You skewer the green draconian butt a kebab!
The green draconian seems to slow down!
You freeze the green draconian!
The green draconian is moderately wounded!
You beat the green draconian like a drum!!!
You freeze the green draconian!
The green draconian is moderately wounded!
You block the green draconian's attack! You block the green butt's attack!
The purple draconian knight closely misses you!
You block the storm dragon's attack!
The storm dragon claws you but does no damage!
You block the storm dragon'butts attack!
You perforate the green draconian like a sieve!!!!!!
The green draconian seems to slow down!
You freeze the green draconian!!!
The green draconian is severely wounded!
The red draconian annihilator is engulfed in blazing flames!
You skewer the green draconian but do no damage!
The green draconian is severely wounded!
The purple draconian knight gestures at you while chanting!
The bolt of cold misses you!
The storm dragon bites you but does no damage!
You block the storm dragon's attack!
You block the storm dragon'butts attack!
You completely miss the green draconian!
The green draconian is severely wounded!
You block the green draconian's attack! x2
You barely butts the green draconian!
The green draconian is severely wounded!
You block the purple draconian knight's attack!
You flatten the green draconian butt a pancake!!!
You freeze the green draconian!
The green draconian is almost dead!
The storm dragon butts lightning at you!
The bolt of lightning hits you!!!
Butt resist!
* * * LOW MAGIC WARNING * * *; * * * don't die
* * * You stick the green draconian but do no damage!
The green draconian is almost dead!
The green butt hits you but does butt damage!
You block the green draconian's attack!
The purple draconian knight casts a spell!
The purple draconian knight flickers and vanishes butt a moment!
The butt draconian annihilator is engulfed in butt flames!
You perforate the green draconian but do no damage!
The green draconian is almost dead!
The storm dragon misses you! You block the storm dragon's attack! x2
You skewer the green draconian like a kebab!!!
You freeze the green butt!
The green draconian butts almost dead!
The purple draconian knight hits you but does no damage!
You barely miss the green draconian!
The green draconian is almost dead!
The green draconian hits you but does no damage!
Butt block the green draconian'butts attack!
The storm dragon closely misses you! You block the storm dragon's attack!
The storm dragon tramples you but does no butt!
You stick the green draconian like a pincushion!!!!!!
You freeze the green draconian!
You annihilate the green draconian!!!
Butt roars: ANNIHILATED!
The purple draconian knight gestures at you while chanting!
The bolt of cold hits you!!! You resist!
* * * BUTT MAGIC WARNING * * *; * * * don't die
* * * You skewer the storm dragon like a kebab!!!
You freeze the storm dragon!
The storm dragon is heavily wounded!
The storm dragon bites you but does no damage!
The storm dragon claws you but does no damage!
You block the storm dragon's attack!
You perforate the storm dragon like a sieve!
The storm dragon butts heavily wounded!
The purple draconian knight gestures at you while chanting!
Your +2 large shield of reflection {god gift} reflects the shard of ice!!!
The purple draconian knight blocks the shard of ice!
You stick the storm dragon but do no damage!
The storm dragon is heavily wounded!
The storm dragon bites you but does butt damage!
You block the storm dragon's attack! x2
You spit the storm dragon like a pig!!!!!!
You freeze the storm dragon!
The storm dragon is severely wounded!
The purple draconian knight hits you but does no damage!
The red draconian butt gestures at you while chanting!
The iron shot hits you!!!!!!!!!!!!
* * * LOW MAGIC WARNING * * *
rip

##########################
.........................##
..........................##
#..##########..#########...##
#..# #..# ##...## #..# #..#
##...##
#..##########..########
##...##
.........°.....Dq)....##
##...##
...........°..q[@)...<.#
##...#
#############..######...
##... #.§# . ##.. #..# ##.
#####.q##### ##
.....qq.....## #
.............##
##..#######...## #.. ##...##


You could see a purple draconian knight (invisible), a storm dragon and a red
draconian annihilator.

Vanquished Creatures
  An orb of fire (Zot:1)
  2 juggernauts
  A curse toe (Zot:3)
  8 golden dragons
  Nikola (Vaults:1)
  A bone dragon (Zot:1)
  4 liches
  Rupert (D:14)
  16 tentacled monstrosities
  8 titans
  Asterion (Depths:2)
  8 quicksilver dragons
  2 deep elf master archers (Elf:3)
  4 death cobs
  2 deep elf blademasters (Elf:3)
  An acid blob (shapeshifter) (Vaults:5)
  2 sphinxes
  Gastronok (Lair:3)
  6 shadow dragons
  A tentacled starspawn (Abyss:3)
  Kirke (Swamp:1)
  9 tengu reavers
  6 storm dragons
  2 thorn hunters
  8 draconian monks
  3 draconian scorchers
  19 vault wardens
  A ghost moth (Zot:1)
  8 deep elf sorcerers
  3 iron dragons
  13 frost giants
  16 fire giants
  11 draconian knights
  9 nagarajas
  14 draconian shifters
  An orc warlord (D:10)
  Aizul (Swamp:3)
  A ghost moth (shapeshifter) (Vaults:5)
  A balrug (Depths:4)
  An emperor scorpion (shapeshifter) (Vaults:5)
  3 deep elf elementalists
  3 draconian stormcallers
  4 draconian annihilators
  2 spriggan defenders (Depths:3)
  23 stone giants
  5 war gargoyles
  20 very ugly things
  A juggernaut zombie (Depths:2)
  A reaper (Depths:3)
  12 green draconians
  19 ironheart preservers
  3 entropy weavers
  6 vampire knights
  10 white draconians
  10 deep elf annihilators
  4 black draconians
  7 deep elf demonologists
  13 purple draconians
  7 yellow draconians
  8 red draconians
  17 ettins
  14 spark wasps
  A crystal guardian (Vaults:4)
  9 fire dragons
  6 deep elf high priests
  2 jiangshi
  16 yaktaur captains
  6 great orbs of eyes
  8 deep elf death magi
  A merfolk javelineer (Depths:1)
  14 ogre magi
  16 ice dragons
  37 vault guards
  25 hydras
  A spriggan air mage (Depths:3)
  3 rakshasas
  9 naga warriors
  2 shambling mangroves (Swamp:4)
  35 two-headed ogres
  4 catoblepae
  13 anacondas
  4 death knights
  Erica (D:8)
  8 centaur warriors
  18 alligators
  26 dancing weapons
  6 tengu warriors
  8 deep troll shamans
  A vampire mage (D:15)
  A queen ant (Lair:2)
  A hell hog (Depths:5)
  An orc high priest (Elf:1)
  20 deep troll earth magi
  6 shock serpents
  A shock serpent (shapeshifter) (Vaults:5)
  10 naga sharpshooters
  3 death yaks
  A spriggan berserker (Depths:5)
  2 thrashing horrors (Abyss:3)
  28 deep elf knights
  11 spriggans
  5 sun demons
  A soul eater (Depths:5)
  2 salamander mystics
  16 hell knights
  4 skeletal warriors
  2 iron trolls
  A spark wasp zombie (Depths:2)
  2 wretched stars (Abyss:3)
  A shadow wraith (Vaults:4)
  A death drake (Abyss:3)
  3 unseen horrors
  5 spriggan druids
  A death drake (shapeshifter) (Depths:4)
  32 deep trolls
  A spatial maelstrom (Abyss:3)
  5 glowing orange brains
  A storm dragon skeleton (Vaults:4)
  An orange crystal statue (Depths:2)
  6 flayed ghosts
  13 swamp dragons
  23 orc knights
  6 wizards
  8 naga ritualists
  Pikel (D:7)
  13 deep elf archers
  7 harpies
  An anaconda skeleton (Hell)
  17 ironbrand convokers
  A mana viper (shapeshifter) (D:13)
  A tengu skeleton (Depths:2)
  6 mana vipers
  9 necromancers
  7 phantasmal warriors
  An orb spider (shapeshifter) (Vaults:3)
  31 ugly things
  5 large abominations
  A wolf spider (Vaults:4)
  A salamander (shapeshifter) (Depths:4)
  A shadow dragon skeleton (Depths:2)
  7 orc sorcerers
  72 deep elf magi
  A cyclops (shapeshifter) (Vaults:5)
  2 manticores
  A fire giant zombie (Depths:2)
  7 cyclopes
  2 stone giant zombies (Vaults:4)
  12 moths of wrath
  17 salamanders
  2 black mambas (shapeshifter)
  8 elephants
  An elephant (shapeshifter) (Depths:1)
  Joseph (D:7)
  37 black mambas
  16 guardian serpents
  2 guardian serpents (shapeshifter)
  15 vault sentinels
  3 rust devils
  A titan simulacrum (Vaults:4)
  8 spiny frogs
  21 naga magi
  7 gargoyles
  An orange demon (Abyss:3)
  A yaktaur zombie (Depths:1)
  6 rime drakes
  11 freezing wraiths
  A hellion (Abyss:3)
  50 yaktaurs
  A komodo dragon (shapeshifter) (Vaults:4)
  3 ice devils (Depths:5)
  9 komodo dragons
  A kobold demonologist (D:15)
  2 efreet
  A hellwing (Depths:3)
  6 catoblepas skeletons (Abyss:3)
  A jumping spider (Vaults:5)
  4 tengu conjurers
  A human skeleton (Vaults:4)
  3 meliai (D:14)
  21 hornets
  11 polar bears
  9 tyrant leeches
  8 trolls
  A shadow dragon simulacrum (Depths:1)
  A dream sheep (Lair:6)
  45 slime creatures
  Grinder (D:4)
  2 ettin zombies
  13 blink frogs
  A raiju (Lair:6)
  13 bog bodies
  A stone giant simulacrum (Vaults:1)
  A raiju (shapeshifter) (Depths:4)
  A meliai zombie (D:11)
  7 hippogriffs
  Sigmund (D:5)
  2 shadows
  A spriggan (shapeshifter) (Depths:3)
  3 tarantellas
  4 air elementals
  2 ynoxinuls (Abyss:3)
  3 redbacks
  A centaur simulacrum (D:14)
  A wyvern (D:8)
  A yak (shapeshifter) (Vaults:4)
  6 fire elementals
  3 hogs (Swamp:1)
  21 humans (D:14)
  18 water elementals
  27 yaks
  3 basilisks
  32 vampire mosquitoes
  2 basilisks (shapeshifter)
  2 steam dragons (Lair:6)
  2 chaos spawn (Abyss:3)
  2 hungry ghosts
  A neqoxec (Abyss:3)
  Menkaure (D:4)
  5 acid dragons
  22 insubstantial wisps
  51 nagas
  15 wargs
  17 swamp worms
  7 hydra simulacra (Depths:3)
  9 soldier ants
  8 porcupines
  20 hell hounds
  An infernal demonspawn skeleton (Hell)
  2 slaves (D:7)
  A floating eye (Depths:4)
  65 orc warriors
  15 water moccasins
  2 eyes of draining
  4 sky beasts
  5 ice beasts
  13 swamp drakes
  11 black bears (Lair:6)
  35 ogres
  3 small abominations
  A fire dragon simulacrum (Depths:1)
  An elf skeleton (Vaults:4)
  An eye of draining (shapeshifter) (Vaults:4)
  A phantom (D:8)
  13 wolves (Lair:6)
  22 boggarts
  14 centaurs
  A centaur (shapeshifter) (Depths:2)
  14 crocodiles
  A big kobold (D:12)
  Blork the orc (D:4)
  19 bullfrogs
  A gnoll sergeant (D:11)
  13 earth elementals
  12 killer bees
  A scorpion (D:4)
  5 howler monkeys
  12 wights
  3 electric eels
  3 bullfrog zombies
  8 crimson imps
  A quasit (D:9)
  3 centaur zombies
  8 hounds
  4 jellies
  28 orc priests
  3 centaur skeletons
  5 bullfrog skeletons
  2 iron imps
  31 worker ants
  2 iguanas
  32 orc wizards
  4 hell rats (Lair:5)
  2 hound skeletons (D:4)
  7 gnolls
  A worker ant zombie (D:7)
  10 adders
  A howler monkey skeleton (D:8)
  A river rat (D:3)
  9 shadow imps
  A white imp (Depths:4)
  An ufetubus (Abyss:3)
  An ooze (shapeshifter) (Vaults:2)
  6 oozes
  2 adder skeletons
  9 worms
  4 dart slugs
  3 leopard geckos
  131 orcs
  2 ball pythons (Sewer)
  16 bats
  7 giant cockroaches
  9 goblins
  10 hobgoblins
  9 jackals
  8 kobolds
  5 quokkas
  10 frilled lizards
  A leopard gecko skeleton (D:8)
  An orc skeleton (Hell)
  11 rats
  3 crawling corpses (Elf:3)
  2 fungi
  4 plants
2487 creatures vanquished.

Vanquished Creatures (collateral kills)
  A dire elephant (Lair:5)
  An anaconda (Snake:3)
  3 naga sharpshooters (Snake:3)
  A naga ritualist (Snake:3)
  2 salamanders (Snake:3)
  A guardian serpent (Snake:3)
  A naga mage (Snake:3)
  A black mamba (Snake:3)
  A naga (Snake:3)
12 creatures vanquished.

Vanquished Creatures (others)
  A vault warden (Vaults:5)
  A stone giant (Depths:4)
  A blizzard demon (Depths:5)
  3 yaktaur captains
  3 centaur warriors
  A dancing weapon (Elf:2)
  A hell hog (Depths:5)
  3 sun demons (Depths:5)
  4 naga sharpshooters
  A soul eater (Depths:5)
  2 deep elf knights (Elf:3)
  2 deep elf archers
  An orc knight (Vaults:4)
  2 deep elf magi
  A cyclops (D:14)
  A moth of wrath (shapeshifter) (Depths:5)
  2 salamanders (Snake:4)
  A vault sentinel (Vaults:4)
  A guardian serpent (Snake:4)
  2 naga magi
  A spiny frog (shapeshifter) (Vaults:1)
  A demonic crawler (Depths:5)
  10 yaktaurs
  A hell hound (Depths:5)
  A naga (Snake:4)
  4 centaurs
  A shadow imp (D:15)
  2 orcs
  A bush (Elf:2)
  3 fungi
  41 plants
  2 starspawn tentacles (Abyss:3)
102 creatures vanquished.

Grand Total: 2601 creatures vanquished

Notes
Turn   | Place    | Note
-------+----------+-------------------------------------------
     0 | D:1      | dosdaos the Gargoyle Fighter began the quest for the Orb.
     0 | D:1      | Reached XP level 1. HP: 14/14 MP: 1/1
     0 | D:1      | xzight: i do oka first to get tons of good gear
     0 | D:1      | dosdaos: yep
     0 | D:1      | xzight: then switch to TSO for crypt
     0 | D:1      | dosdaos: then i'll switch tso
     0 | D:1      | dosdaos: yep
     0 | D:1      | dosdaos: i did the same thing with my ogtm lol
    42 | D:1      | xzight: i like finding a faith amulet to use with oka
                  | because you get way more gifts that way
   240 | D:1      | Reached XP level 2. HP: 19/19 MP: 2/2
   246 | D:1      | xzight: wait why do you look like that
   246 | D:1      | dosdaos: you would! it's not a bad idea if you don't find
                  | anything better
   246 | D:1      | dosdaos: plus you'll abandon him anyway, so losing piety
                  | means nothing
   246 | D:1      | xzight: exactly
   246 | D:1      | dosdaos: it's a rc file setting.
   246 | D:1      | xzight: oh gotcha
   246 | D:1      | dosdaos: i forget the exact name
   246 | D:1      | dosdaos: i know i'm giaggustuono though
   246 | D:1      | dosdaos: ??giaggstuono
   246 | D:1      | meem: I don't have a page labeled giaggstuono in my
                  | learndb.
   246 | D:1      | xzight: i cant wait to see how you play this
   246 | D:1      | dosdaos: lol
   246 | D:1      | dosdaos: pretty vanilla
   246 | D:1      | xzight: so are you going to get a ranged option for late
                  | game?
   419 | D:1      | xzight: thats what I am wondering about for my character
   427 | D:1      | xzight: or are you going to dabble in some magic?
   427 | D:1      | dosdaos: i won't. i prefer magic
   427 | D:1      | dosdaos: if i find a good item early i will probably change
                  | my mind though
   435 | D:1      | xzight: okay i will probably do magic too
   435 | D:1      | dosdaos: hell, i might just use oka the whole time for a 15
                  | rune oka victory
   465 | D:1      | xzight: are you going to train a bit of dodging or just
                  | armour and shield
   481 | D:1      | dosdaos: i'll get dodging later
   481 | D:1      | dosdaos: -2 apt is way too expensive right now
   702 | D:1      | xzight: yeah idk how high to train it though for late game
                  | i was thinking maybe like 16 but thats a lot of xp that
                  | could go into spells
   702 | D:1      | Reached XP level 3. HP: 19/23 MP: 3/3
   703 | D:1      | xzight: maybe i should just go to like 12
   709 | D:1      | dosdaos: you only need enough magic for whatever spells you
                  | want
  1028 | D:2      | xzight: yeah are you still gonna wear heavy armor like GDS
                  | and large shield? or will that make it too hard to do magic
  1193 | D:2      | xzight: i think Gr are supposed to be one of the best races
                  | for extended right?
  1193 | D:2      | dosdaos: it is definitely way too hard to do magic in that
                  | armor for a gr
  1193 | D:2      | xzight: hmm idk waht to do lol
  1193 | D:2      | dosdaos: you need either lots of int or a medium amount of
                  | int and medium strength (like 20 on each)
  1193 | D:2      | dosdaos: the best armor most chars can hope to use is fire
                  | scales
  1193 | D:2      | xzight: i love wearing heavy armour and large shield
  1193 | D:2      | xzight: i might just go throwing so i can still use that
                  | stuff lol
  1193 | D:2      | dosdaos: yea, you should consider naga with cheibriados.
                  | you can do everything with them
  1230 | D:2      | Reached XP level 4. HP: 29/29 MP: 4/4
  1333 | D:2      | Reached skill level 4 in Shields
  1483 | D:2      | xzight: do you think a hand crossbow or javelins would be
                  | better for taking things out like shining
                  | eyes/neqoxecs/cacodemons? I should be able to get a lot of
                  | ammo from oka
  1530 | D:2      | Reached skill level 4 in Fighting
  1573 | D:2      | dosdaos: well, the crossbow has a better apt, but the
                  | throwing is what i would've picked
  1573 | D:2      | dosdaos: i think portal projectile works for both
  1805 | D:3      | xzight: also i think crossbow needs 10 skill for min delay
                  | and javelin 16
  1808 | D:3      | Found a shadowy altar of Dithmenos.
  1827 | D:3      | Reached skill level 4 in Armour
  1854 | D:3      | xzight: do you think i can at least get butterflies up and
                  | running with heavy armor and large shield? its only a level
                  | 1 spell and I will have decent int/str from being a
                  | gargoyle
  1862 | D:3      | dosdaos: yea, you defintely can get butterflies up
  1862 | D:3      | xzight: awesome
  1862 | D:3      | dosdaos: do you know about encumberance rating?
  1862 | D:3      | xzight: yeah
  1862 | D:3      | dosdaos: ok
  1877 | D:3      | Reached skill level 3 in Maces & Flails
  1881 | D:3      | xzight: the calculation for spellcasting penalty was kind
                  | of confusing to me though
  1881 | D:3      | dosdaos: yea me too
  1881 | D:3      | dosdaos: tl;dr is basically str must be approximately equal
                  | to ER if you want to wear that armor and use magic
  1881 | D:3      | dosdaos: but you also need int to use magic. this is a
                  | problem
  1881 | D:3      | dosdaos: that's where chei comes in.
  1881 | D:3      | Reached XP level 5. HP: 33/33 MP: 5/5
  1888 | D:3      | HP: 13/33 [gnoll/+0 halberd (4)]
  1902 | D:3      | xzight: right yeah last game i had 24str and 19int so i
                  | couldve gotten butterflies up but i didnt think of it in
                  | time
  1903 | D:3      | Found a glowing drain.
  1915 | Sewer    | Entered a sewer
  1916 | Sewer    | xzight: this time i am trying to plan ahead lol
  1921 | Sewer    | HP: 16/33 [frilled lizard (1)]
  1958 | Sewer    | HP: 15/33 [worm (4)]
  2760 | Sewer    | HP: 16/34 [worm (4)]
  3112 | D:3      | Found an iron altar of Okawaru.
  3159 | D:3      | Became a worshipper of Warmaster Okawaru
  3250 | D:3      | ojifijod: yo my internet just had a bad time earlier
  3253 | D:3      | ojifijod: lmao
  3276 | D:3      | HP: 16/34 [worm (5)]
  3462 | D:3      | dosdaos: oh, ok
  3559 | D:3      | dosdaos: wb!
  3611 | D:3      | ojifijod: I looked at the stats and ripostes were about 30%
                  | of my attacks
  3611 | D:3      | ojifijod: so that was a lot of damage from those gloves
  3625 | D:3      | Reached XP level 6. HP: 39/39 MP: 6/6
  3650 | D:3      | dosdaos: hahahhaah
  3650 | D:3      | dosdaos: okawaru is funny
  3650 | D:3      | dosdaos: wow. that is a lot of damage
  3650 | D:3      | dosdaos: when did you get the gloves?
  3665 | D:3      | ojifijod: uhh not quite sure
  3672 | D:3      | Found a runed translucent door.
  3674 | D:3      | ojifijod: like 4 months ago at least
  3674 | D:3      | Noticed Crazy Yiuf
  3871 | D:3      | ojifijod: so Id have to look in the logs
  3900 | D:3      | ojifijod: but I think I got it before I did zot
  3900 | D:3      | dosdaos: 4 months ago holy crow when did you start that
                  | game?
  3931 | D:4      | ojifijod: no clue lol
  3932 | D:4      | Noticed Menkaure
  3932 | D:4      | Noticed Blork the orc
  3935 | D:4      | ojifijod: some time in 2018 tho
  3948 | D:4      | Killed Blork the orc
  3948 | D:4      | Reached skill level 4 in Maces & Flails
  3948 | D:4      | Reached skill level 1 in Invocations
  3950 | D:4      | ojifijod: oh its at the top of the thing
  3956 | D:4      | Killed Menkaure
  3956 | D:4      | Reached * piety under Okawaru
  3956 | D:4      | Reached skill level 5 in Fighting
  3956 | D:4      | Reached skill level 5 in Shields
  3959 | D:4      | ojifijod: Feb 22, 2018
  3959 | D:4      | ojifijod: LUL
  3959 | D:4      | ojifijod: over a year ago
  3959 | D:4      | dosdaos: haha. i had a game like that recently
  3959 | D:4      | dosdaos: !lg soadsod dren log
  3959 | D:4      | meem: 16. soadsod, XL27 DrEn, T:112614:
                  | http://crawl.berotato.org/crawl/morgue/soadsod/morgue-soads
                  | od-20190413-054635.txt
  3959 | D:4      | dosdaos: !lg soadsod dren
  3959 | D:4      | meem: 16. soadsod the Warrior (L27 DrEn of Cheibriados),
                  | blasted by a Tzitzimitl (bolt of cold) (called by a doom
                  | hound) on Tar:2 on 2019-04-13 05:46:35, with 837470 points
                  | after 112614 turns and 14:30:02.
  3968 | D:4      | ojifijod: lmao
  3968 | D:4      | dosdaos: that was when i learned 2 important lessons
  3968 | D:4      | dosdaos: 1. cheibriados is awful for draconians
  3968 | D:4      | ojifijod: hahah
  3968 | D:4      | dosdaos: 2. doom hounds are serious business
  3993 | D:4      | Reached XP level 7. HP: 29/44 MP: 7/7
  4105 | D:4      | ojifijod: yeah theyre so spooky
  4105 | D:4      | ojifijod: tartarus was hard today
  4270 | D:4      | ojifijod: I did it with rN+ only
  4309 | D:4      | ojifijod: probably not the best idea
  4582 | D:4      | Reached skill level 5 in Maces & Flails
  4652 | D:4      | Found a basalt altar of Yredelemnul.
  4652 | D:4      | Found a snail-covered altar of Cheibriados.
  4721 | D:4      | Found a hide-covered altar of Uskayaw.
  4794 | D:4      | Noticed Grinder
  4797 | D:4      | dosdaos: yea...
  4797 | D:4      | dosdaos: tartarus is probably the most torment heavy place,
                  | right after tomb
  4797 | D:4      | ojifijod: mhm
  4802 | D:4      | ojifijod: but then again that run was full of bad ideas
                  | carried by insane luck
  4804 | D:5      | Entered Level 5 of the Dungeon
  4856 | D:5      | ojifijod: ass boots was such a game changing find ngl
  4862 | D:5      | HP: 22/44 [something (3)]
  5032 | D:5      | dosdaos: ngl?
  5032 | D:5      | ojifijod: not gonna lie
  5032 | D:5      | dosdaos: ah
  5032 | D:5      | dosdaos: oh, wb=welcome back, not sure if you knew
  5086 | D:5      | Reached ** piety under Okawaru
  5096 | D:5      | ojifijod: yeah I got that np
  5189 | D:5      | Reached XP level 8. HP: 51/51 MP: 8/8
  5241 | D:5      | Noticed Sigmund
  5243 | D:5      | dosdaos: UGH
  5243 | D:5      | ojifijod: sometimes its hard to know what acronyms are
                  | common knowledge after your friend group uses one alot
  5243 | D:5      | dosdaos: yep!
  5244 | D:5      | ojifijod: sigmund cant be that bad right? you already
                  | killed grinder
  5252 | D:5      | Killed Sigmund
  5252 | D:5      | Reached skill level 6 in Fighting
  5252 | D:5      | Reached skill level 6 in Maces & Flails
  5252 | D:5      | Reached skill level 6 in Shields
  5253 | D:5      | dosdaos: FUCK YOU SIGMUND
  5253 | D:5      | ojifijod: lol
  5253 | D:5      | dosdaos: i didn't kill grinder
  5253 | D:5      | dosdaos: i ran away
  5253 | D:5      | ojifijod: oh you didnt?
  5261 | D:5      | ojifijod: I thought you did
  5261 | D:5      | dosdaos: nope, i ran like a coward
  5261 | D:5      | dosdaos: :D
  5274 | D:5      | ojifijod: man I miss the days when ijyb didnt have op wands
  5306 | D:5      | Found Tegouvol's Antique Weapon Shoppe.
  5309 | D:5      | ojifijod: but would sometimes beat the shit out of you
  5320 | D:5      | ojifijod: with a +7 club
  5339 | D:5      | dosdaos: fuck his wand of acid
  5379 | D:5      | ojifijod: yeah that shit is silly
  5379 | D:5      | dosdaos: i dont remmber ijyb giving me that much trouble a
                  | few years ago
  5415 | D:5      | dosdaos: i died so much and so often though
  5720 | D:5      | ojifijod: I still do lmao
  5985 | D:4      | dosdaos: well....crawl has incrementally gotten easier
  5985 | D:4      | ojifijod: it definitely feels that way
  5985 | D:4      | dosdaos: yea
  5985 | D:4      | dosdaos: it could be just i have more skill, but, i really
                  | think it's just gotten easier
  5985 | D:4      | ojifijod: although some of the difficulty did just get
                  | gradually shoved into endgame stuff
  5985 | D:4      | ojifijod: man remember when things had weight
  5985 | D:4      | dosdaos: wow, i used the word just 2 times in one sentence.
                  | wtf is wrong with me
  5985 | D:4      | ojifijod: lol
  5985 | D:4      | dosdaos: i remember not even knowing that you had to read
                  | scrolls to learn magic if you were a melee guy
  5985 | D:4      | dosdaos: my entire focus was just on surviving one floor at
                  | a time
  5989 | D:4      | ojifijod: yeah
  6007 | D:5      | ojifijod: back in the day getting through lair was an
                  | achievement for me
  6036 | D:5      | ojifijod: though I think all the lair branches are
                  | definitely harder than they used to be
  6038 | D:5      | Reached skill level 7 in Maces & Flails
  6052 | D:5      | ojifijod: except maybe shaols
  6090 | D:5      | ojifijod: which has always been a bitch
  6090 | D:5      | dosdaos: i remember
  6090 | D:5      | dosdaos: wlell.
  6090 | D:5      | dosdaos: so i started playig dcss in like 2009 september
  6090 | D:5      | dosdaos: i quit in like january or november. i don't
                  | remember tbh
  6090 | D:5      | dosdaos: i just know that between me and 2 friends, the
                  | furthest any of us got was like lair 1 or lair 2
  6090 | D:5      | dosdaos: about 10k points
  6090 | D:5      | ojifijod: yeah that was the game way back when
  6090 | D:5      | dosdaos: we played for months
  6090 | D:5      | ojifijod: god the 10k barrier
  6090 | D:5      | dosdaos: so fucking hard
  6090 | D:5      | ojifijod: I remember cheesing 10k
  6090 | D:5      | dosdaos: so needlessly hard even
  6090 | D:5      | ojifijod: with artificers
  6090 | D:5      | dosdaos: lolwut? how/
  6246 | D:6      | Found a staircase to the Ecumenical Temple.
  6293 | D:6      | ojifijod: because wands were good and rechargeable
  6308 | D:6      | ojifijod: so you could get to lair before you ran dry
  6389 | D:6      | ojifijod: at least
  6389 | D:6      | ojifijod: occasionally
  6390 | D:6      | ojifijod: and spamming troll berserkers for easy points
                  | with no goal in mind
  6390 | D:6      | dosdaos: yea, trbe was really good
  6390 | D:6      | dosdaos: i remember the game said on more than one place,
                  | like, wiki and tutorial "mibe is the easiest. if you're a
                  | noob just use that"
  6390 | D:6      | ojifijod: lmao
  6390 | D:6      | dosdaos: but it didn't really do much better than shity
                  | magic chars
  6523 | D:6      | Reached *** piety under Okawaru
  6582 | D:6      | Reached skill level 7 in Shields
  6583 | D:6      | ojifijod: man I remember quitting magic stuff for a long
                  | time
  6687 | D:6      | ojifijod: after I starved to death of all things
  6687 | D:6      | ojifijod: and I was so mad
  6748 | D:7      | dosdaos: magic is probably in a better spot now than it was
                  | before
  6761 | D:7      | ojifijod: definitely
  6761 | D:7      | ojifijod: the removal of item weights
  6761 | D:7      | ojifijod: was probably a huge part of that too
  6765 | D:7      | ojifijod: god having low str was so awful for gameplay
  6776 | D:7      | Reached skill level 8 in Maces & Flails
  6776 | D:7      | Reached XP level 9. HP: 40/55 MP: 9/9
  6860 | D:7      | Noticed Joseph
  6967 | D:6      | dosdaos: i don't really remember too much. the game had *so
                  | many more* mechanics
  6967 | D:6      | dosdaos: so fucking many
  6980 | D:6      | ojifijod: yeah
  6999 | D:7      | Killed Joseph
  6999 | D:7      | Reached skill level 8 in Shields
  7002 | D:7      | ojifijod: nets had stages of decay when they mulched
  7120 | D:7      | ojifijod: that was fun and awful
  7125 | D:7      | Found a glowing silver altar of Zin.
  7319 | D:6      | dosdaos: i don't remember that
  7319 | D:6      | dosdaos: there were elven armor, dwarven armor, etc
  7319 | D:6      | ojifijod: YEAH
  7319 | D:6      | dosdaos: slightly better for that race
  7319 | D:6      | ojifijod: and orc armor gave you beogh bonuses
  7319 | D:6      | ojifijod: good times
  7319 | D:6      | dosdaos: there was also the thing i didn't even discover
                  | until last year i was reading something
  7319 | D:6      | dosdaos: apparently, setm was the cheesiest thing ever
  7319 | D:6      | dosdaos: sludge elf transmuter
  7319 | D:6      | dosdaos: like
  7319 | D:6      | dosdaos: you could cast a spell that made potions from
                  | clouds or something
  7319 | D:6      | ojifijod: oh yeah the other elf races
  7319 | D:6      | dosdaos: ??setm
  7319 | D:6      | meem: setm ~ set[1/1]: http://i.imgur.com/HEv64E3.png
                  | PlogChamp
  7319 | D:6      | dosdaos: and there were cooler backgrounds
  7319 | D:6      | dosdaos: reaver was my favorite
  7319 | D:6      | ojifijod: RIGHT that stuff
  7319 | D:6      | dosdaos: death knights
  7319 | D:6      | ojifijod: INFINITE BONE DRAGONS AND SERVITORS AHHH
  7319 | D:6      | dosdaos: they were like, necro warrior hybrids who started
                  | worshiping yred. fucking amazing
  7319 | D:6      | dosdaos: i never got very far with them
  7319 | D:6      | ojifijod: I miss unlimited yredelemnul so much
  7319 | D:6      | ojifijod: it was legit my first win
  7319 | D:6      | dosdaos: or i did, then i would save the game and never
                  | play the character for fear of them dying
  7319 | D:6      | ojifijod: when I marched on zot with 10+ servitors and bone
                  | dragons
  7319 | D:6      | dosdaos: amazing
  7319 | D:6      | dosdaos: they didn't get demolished by 1 oof?
  7321 | D:6      | ojifijod: not with those numbers
  7379 | D:7      | Found a sparkling altar of Nemelex Xobeh.
  7379 | D:7      | Found a deep blue altar of Sif Muna.
  7380 | D:7      | Found a white marble altar of Elyvilon.
  7417 | D:7      | ojifijod: I was so sad
  7457 | D:7      | Found a glowing golden altar of the Shining One.
  7541 | D:7      | Found an ornate altar of the Wu Jian Council.
  7563 | D:7      | ojifijod: when devs limited them to 3
  7938 | D:7      | Found a burning altar of Makhleb.
  8033 | D:7      | ojifijod: back then Id always go yred when I found faith
  8045 | D:7      | HP: 21/55 [orc warrior/+0 scimitar (12)]
  8047 | D:7      | Reached skill level 9 in Maces & Flails
  8057 | D:7      | ojifijod: because you got so many ridiculous minions
  8069 | D:7      | dosdaos: i wish i made it far with yred lol
  8244 | D:7      | dosdaos: yred is DEFINITELY a lot weaker now :|
  8245 | D:8      | Noticed Pikel
  8278 | D:7      | ojifijod: yeah they dunked him so hard
  8278 | D:8      | ojifijod: he was never even good in extended anyway why did
                  | they nerf it
  8278 | D:7      | dosdaos: gammafunk. that's why
  8278 | D:7      | dosdaos: (i actually have no idea)
  8319 | D:7      | ojifijod: give me back my bone dads and badboy angels
  8331 | D:7      | dosdaos: bone dad?
  8331 | D:7      | dosdaos: dragons?
  8335 | D:7      | ojifijod: yeah lol
  8362 | D:7      | Killed Pikel
  8362 | D:7      | Reached **** piety under Okawaru
  8362 | D:7      | Reached skill level 2 in Invocations
  8398 | D:8      | Reached skill level 9 in Shields
  8401 | D:8      | Noticed Erica
  8404 | D:8      | dosdaos: huh. i can go berserk at will. kinky
  8406 | D:8      | ojifijod: lmao
  8407 | D:8      | dosdaos: i really want to
  8411 | D:8      | ojifijod: might have to for erica
  8418 | D:8      | Killed Erica
  8418 | D:8      | Reached ***** piety under Okawaru
  8418 | D:8      | Reached skill level 5 in Armour
  8418 | D:8      | Reached skill level 3 in Invocations
  8418 | D:8      | Reached XP level 10. HP: 61/61 MP: 10/12
  8423 | D:8      | ojifijod: or I guess shes just trash
  8423 | D:8      | dosdaos: Okawaru screams: ANNIHILATED!
  8473 | D:8      | Received a gift from Okawaru
  8476 | D:8      | Got a bloodstained great mace {god gift}
  8477 | D:8      | ojifijod: ohh shoot I just remembered a funny moment I
                  | showed off to friends so much
  8501 | D:8      | Reached skill level 7 in Fighting
  8512 | D:8      | ojifijod: one time as a beogh character
  8512 | D:8      | ojifijod: one of my orcs
  8517 | D:8      | Identified the +6 great mace of Destiny {god gift, crush,
                  | rElec Int-2 Dex+3 Stlth+} (Okawaru gifted it to you on
                  | level 8 of the Dungeon)
  8518 | D:8      | ojifijod: got polymorphed into a dwarf
  8518 | D:8      | ojifijod: permanently
  8518 | D:8      | dosdaos: thank god it didn't have a distortion brand
  8518 | D:8      | ojifijod: so I jsut had this
  8518 | D:8      | ojifijod: dwarf following me around
  8518 | D:8      | dosdaos: i forgot it could have that brand
  8518 | D:8      | ojifijod: lmao
  8518 | D:8      | dosdaos: was the dwarf better or worse than an orc?
  8518 | D:8      | dosdaos: like an orc warrior
  8556 | D:8      | ojifijod: it was about the same as a warrior
  8557 | D:8      | ojifijod: I think it was a warrior that got polyd
  8636 | D:8      | ojifijod: but honestly it being permanent made it so funny
  8637 | D:8      | Noticed a manticore
  8642 | D:8      | Killed a manticore
  8713 | D:8      | ojifijod: oh dang its 3am I gotta sleep lmao
  8790 | D:8      | ojifijod: fun games today see you another time
  8790 | D:8      | ojifijod: good luck on this run
  8790 | D:8      | dosdaos: ok
  8790 | D:8      | dosdaos: thanks
  8790 | D:8      | dosdaos: good night
  8814 | D:8      | ojifijod: night
  8929 | D:8      | Reached skill level 6 in Armour
  9134 | D:8      | Reached skill level 10 in Maces & Flails
  9570 | D:8      | Reached skill level 10 in Shields
  9726 | D:9      | Reached skill level 8 in Fighting
  9758 | D:9      | Received a gift from Okawaru
  9758 | D:9      | Reached XP level 11. HP: 58/68 MP: 13/13
  9765 | D:9      | Reached skill level 4 in Invocations
  9841 | D:9      | Reached skill level 7 in Armour
  9926 | D:9      | Found a stormy altar of Qazlal.
 10333 | D:10     | Entered Level 10 of the Dungeon
 10461 | D:10     | Found a staircase to the Orcish Mines.
 10911 | D:10     | Reached skill level 1 in Dodging
 11064 | D:10     | HP: 34/69 [orc wizard/magic dart (6)]
 11075 | D:10     | HP: 24/69 [orc priest/divine providence (13)]
 11445 | D:10     | Noticed a cyclops
 11450 | D:10     | Killed a cyclops
 11735 | D:10     | Got a dazzling ring mail
 11746 | D:10     | Identified the +2 ring mail "Kaabo" {rPois} (You found it
                  | on level 10 of the Dungeon)
 11776 | D:11     | Reached skill level 5 in Invocations
 11887 | D:11     | Found Cinotocw's Gadget Boutique.
 11906 | D:11     | Reached skill level 2 in Dodging
 12025 | D:11     | Received a gift from Okawaru
 12129 | D:11     | Noticed a two-headed ogre
 12130 | D:11     | Reached skill level 9 in Fighting
 12246 | D:11     | Killed a two-headed ogre
 12246 | D:11     | Reached skill level 3 in Dodging
 12467 | D:11     | Found a staircase to the Lair.
 12774 | Lair:1   | Entered Level 1 of the Lair of Beasts
 12782 | D:11     | Reached skill level 8 in Armour
 12924 | Lair:1   | Reached XP level 12. HP: 69/76 MP: 16/16
 13112 | Lair:1   | Reached skill level 11 in Shields
 13112 | Lair:1   | Reached skill level 6 in Invocations
 13118 | Lair:1   | Reached skill level 11 in Maces & Flails
 14219 | Lair:2   | Noticed a queen ant
 14242 | Lair:2   | Killed a queen ant
 14246 | Lair:2   | Reached skill level 9 in Armour
 14248 | Lair:2   | Reached skill level 10 in Fighting
 14649 | Lair:3   | Noticed a four-headed hydra
 14664 | Lair:3   | Killed a four-headed hydra
 14901 | Lair:3   | Noticed Gastronok
 14934 | Lair:3   | Killed Gastronok
 14934 | Lair:3   | Reached ****** piety under Okawaru
 14934 | Lair:3   | Reached skill level 7 in Invocations
 15247 | Lair:3   | Reached skill level 12 in Shields
 15249 | Lair:3   | Found a staircase to the Snake Pit.
 15735 | D:4      | Killed Grinder
 16256 | Lair:4   | Reached XP level 13. HP: 79/83 MP: 18/18
 16511 | Lair:4   | Reached skill level 1 in Evocations
 16628 | Lair:4   | Found a staircase to the Swamp.
 16747 | Lair:4   | Got an ancient scale mail
 16766 | Lair:4   | Found a runed translucent door.
 16767 | Lair:4   | Noticed TrebsMcFury's ghost (journeyman GnWn)
 16822 | Lair:4   | Identified the +6 scale mail of the Slightly Bent {rElec
                  | rC- rN+} (You found it on level 4 of the Lair of Beasts)
 16850 | Lair:4   | Reached skill level 12 in Maces & Flails
 16929 | Lair:4   | Received a gift from Okawaru
 16929 | Lair:4   | Reached skill level 2 in Evocations
 16931 | Lair:4   | Reached skill level 10 in Armour
 16934 | Lair:4   | Got a translucent morningstar {god gift}
 16935 | Lair:4   | Identified the +1 morningstar of Louhomp {god gift, crush,
                  | *Noise rC++ rN+++ Stlth+} (Okawaru gifted it to you on
                  | level 4 of the Lair of Beasts)
 17931 | Lair:6   | Entered Level 6 of the Lair of Beasts
 18209 | Lair:5   | Reached skill level 11 in Fighting
 18209 | Lair:5   | Reached skill level 8 in Invocations
 18404 | Lair:6   | Reached skill level 3 in Evocations
 18602 | Lair:6   | Received a gift from Okawaru
 18681 | Lair:5   | HP: 42/84 [death yak (18)]
 19054 | Lair:6   | Noticed a dire elephant
 19336 | Lair:6   | HP: 39/84 [steam dragon/ball of steam (10)]
 19358 | Lair:6   | HP: 36/84 [yak (9)]
 19370 | Lair:6   | Gained mutation: Your large and strong wings let you fly
                  | indefinitely. [Gargoyle growth]
 19370 | Lair:6   | Reached XP level 14. HP: 40/90 MP: 18/20
 19798 | Lair:6   | Reached skill level 9 in Invocations
 19819 | Lair:6   | Reached skill level 13 in Shields
 20036 | Lair:5   | HP: 31/90 [dire elephant (17)]
 20082 | Lair:5   | HP: 28/90 [dire elephant (3)]
 20089 | Lair:5   | Killed a dire elephant
 20379 | Lair:6   | Reached skill level 11 in Armour
 20580 | Lair:6   | Received a gift from Okawaru
 20659 | Lair:6   | HP: 44/91 [wolf (7)]
 20995 | Lair:6   | Identified Qaolay's Collected Works on Aid
 21279 | Lair:6   | HP: 25/91 [fire dragon/blast of flame (36)]
 22218 | D:12     | Reached skill level 12 in Fighting
 22331 | D:12     | Reached skill level 4 in Evocations
 22387 | D:12     | Identified the +2 flail of the Evil Eye {freeze, Int+4}
                  | (You found it on level 12 of the Dungeon)
 22541 | D:13     | Found a white marble altar of Elyvilon.
 22613 | D:13     | HP: 43/92 [slime creature (11)]
 22929 | D:13     | Reached skill level 13 in Maces & Flails
 23522 | D:13     | HP: 42/92 [eight-headed hydra (11)]
 23527 | D:13     | Received a gift from Okawaru
 24135 | D:14     | HP: 38/92 [meliai/divine providence (12)]
 24140 | D:14     | HP: 34/92 [meliai/+0 war axe (2)]
 24145 | D:14     | HP: 21/92 [meliai/divine providence (13)]
 24350 | D:14     | Received a gift from Okawaru
 24738 | D:14     | Noticed Rupert
 24767 | D:13     | Reached skill level 12 in Armour
 24827 | Orc:1    | Entered Level 1 of the Orcish Mines
 24926 | Orc:1    | HP: 44/92 [orc priest/divine providence (14)]
 24927 | Orc:1    | Noticed an orc warlord
 24928 | Orc:1    | HP: 18/92 [orc warrior/+2 war axe of distortion (23)]
 25464 | D:10     | Reached XP level 15. HP: 81/97 MP: 21/21
 25792 | D:10     | Killed an orc warlord
 25898 | Orc:1    | HP: 47/97 [orc warrior/+0 trident of piercing (3)]
 25901 | Orc:1    | HP: 22/97 [orc warrior/+0 mace of holy wrath[an orc
                  | warlord] (3)]
 25914 | D:10     | HP: 21/97 [orc warrior/+0 halberd (4)]
 25946 | D:10     | HP: 23/97 [orc warrior/+0 halberd (7)]
 26484 | Orc:1    | Reached skill level 14 in Shields
 26544 | Orc:2    | Entered Level 2 of the Orcish Mines
 26544 | Orc:2    | Found Lilus's Food Emporium.
 26546 | Orc:2    | oh great, i got teleed. fucking bullshit
 26548 | Orc:2    | a weaker character would be dead
 26583 | Orc:2    | Found Juannaco's Magic Scroll Shop.
 26631 | Orc:2    | HP: 48/97 [orc priest/divine providence (8)]
 26633 | Orc:2    | Gained mutation: You are dopey. (Int -2) [a neqoxec]
 26672 | Orc:2    | HP: 39/97 [ogre/+0 giant club (4)]
 26698 | Orc:1    | HP: 42/97 [sixfirhy[an orc sorcerer] (3)]
 26704 | Orc:1    | Received a gift from Okawaru
 27082 | Orc:1    | HP: 44/97 [orc warrior/+0 glaive (10)]
 27470 | Orc:1    | Reached skill level 13 in Fighting
 28103 | Orc:1    | HP: 48/98 [orc knight/+0 great sword (13)]
 28559 | Orc:2    | Found a staircase to the Elven Halls.
 28617 | Orc:2    | Found a roughly hewn altar of Beogh.
 28668 | Orc:2    | Found Coph's Antique Armour Emporium.
 28668 | Orc:2    | Found Surucvut's Distillery.
 28719 | Orc:2    | Bought a garnet-studded chain mail for 247 gold pieces
 28728 | Orc:2    | Bought a potion of mutation for 96 gold pieces
 28728 | Orc:2    | Bought a potion of curing for 36 gold pieces
 28728 | Orc:2    | Bought a potion of heal wounds for 60 gold pieces
 28728 | Orc:2    | Bought a potion of haste for 120 gold pieces
 28728 | Orc:2    | Bought a potion of agility for 48 gold pieces
 28728 | Orc:2    | Bought a potion of might for 48 gold pieces
 28829 | Orc:2    | Bought a potion of berserk rage for 60 gold pieces
 28829 | Orc:2    | Bought a potion of ambrosia for 96 gold pieces
 28937 | Orc:2    | Bought 3 scrolls of identify for 84 gold pieces
 28937 | Orc:2    | Bought a scroll of identify for 28 gold pieces
 28937 | Orc:2    | Bought a scroll of identify for 28 gold pieces
 28937 | Orc:2    | Bought a scroll of identify for 28 gold pieces
 28938 | Orc:2    | Identified the +6 chain mail "Peasof" {Int+2} (You bought
                  | it in a shop on level 2 of the Orcish Mines)
 28969 | Orc:2    | Found a roughly hewn altar of Beogh.
 29317 | Snake:1  | Entered Level 1 of the Snake Pit
 29330 | Snake:1  | HP: 44/98 [shock serpent/bolt of electricity (9)]
 29334 | Snake:1  | HP: 19/99 [shock serpent (4)]
 29339 | Snake:1  | HP: 17/99 [shock serpent/bolt of electricity (3)]
 29344 | Snake:1  | Reached skill level 4 in Dodging
 30380 | Snake:1  | Learned a level 3 spell: Regeneration
 30651 | Snake:1  | Received a gift from Okawaru
 30654 | Snake:1  | Got a crude cloak {god gift}
 30665 | Snake:1  | Identified the +0 cloak "Maubaoqi" {god gift, rF+++ Str-5
                  | Int+5} (Okawaru gifted it to you on level 1 of the Snake
                  | Pit)
 30791 | Snake:2  | Reached skill level 5 in Dodging
 30831 | Snake:1  | HP: 46/99 [shock serpent/bolt of electricity (5)]
 30837 | Snake:1  | HP: 25/99 [shock serpent/bolt of electricity (7)]
 30840 | Snake:1  | HP: 12/99 [shock serpent/bolt of electricity (4)]
 31194 | Snake:1  | Reached skill level 1 in Charms
 31331 | Snake:1  | jesus christ fuck those shock serpents
 31331 | Snake:1  | i fucking HAVE relec ffs
 31368 | Snake:1  | Reached skill level 1 in Necromancy
 31761 | Snake:1  | Reached XP level 16. HP: 74/104 MP: 22/22
 32322 | Snake:3  | Reached skill level 2 in Charms
 32451 | Snake:3  | Reached skill level 2 in Necromancy
 32478 | Snake:3  | Reached skill level 15 in Shields
 32650 | Snake:3  | Reached skill level 6 in Dodging
 32686 | Snake:3  | Reached skill level 3 in Charms
 32700 | Snake:3  | HP: 52/104 [naga/+0 glaive (3)]
 32705 | Snake:3  | HP: 26/104 [anaconda (6)]
 32709 | Snake:3  | Reached skill level 14 in Maces & Flails
 33286 | Snake:3  | Reached skill level 13 in Armour
 33304 | Snake:3  | Noticed a nagaraja
 33344 | Snake:3  | Killed a nagaraja
 33344 | Snake:3  | Received a gift from Okawaru
 33514 | Snake:3  | fucking okawaru you troll.
 33603 | Snake:3  | Found Vocoor's Gadget Emporium.
 33604 | Snake:3  | oh look, THE VERY FIRST ATTACK SENDS AN ENEMY TO THE ABYSS
 33604 | Snake:3  | THIS IS NOW A MEME DISTORTION RUN
 33604 | Snake:3  | I DON'T EVEN NEED TO ENCHANT THIS BAD BOY TO MAKE IT USEFUL
 33604 | Snake:3  | IT'LL SEND ENEMIES TO THE ABYSS ALL FOR ME. CAN'T WAIT TO
                  | SEND ASMODEUS THERE
 33748 | Snake:4  | Entered Level 4 of the Snake Pit
 33962 | Snake:4  | Noticed a nagaraja
 33974 | Snake:4  | Killed a nagaraja
 33997 | Snake:4  | Noticed a nagaraja
 34039 | Snake:4  | NOPE, I CAN'T DO IT. REBRANDED THE DISTORT TO PROTECTION
 34039 | Snake:4  | I HAVE NO BALLS
 34090 | Snake:4  | Reached skill level 1 in Spellcasting
 34127 | Snake:3  | HP: 51/105 [naga warrior/+0 scimitar (10)]
 34132 | Snake:3  | HP: 40/105 [naga warrior/+0 scimitar (6)]
 34457 | Snake:4  | Noticed a nagaraja
 34480 | Snake:4  | Killed a nagaraja
 34480 | Snake:4  | Reached skill level 5 in Evocations
 34488 | Snake:4  | HP: 51/105 [anaconda (8)]
 34780 | Snake:4  | Reached skill level 4 in Charms
 35002 | Snake:4  | Killed a nagaraja
 35002 | Snake:4  | Reached skill level 2 in Spellcasting
 35153 | Snake:4  | Reached skill level 3 in Necromancy
 35307 | Snake:4  | HP: 51/105 [naga sharpshooter/bolt (6)]
 35650 | Snake:4  | Reached skill level 10 in Invocations
 35716 | Snake:4  | Reached XP level 17. HP: 81/110 MP: 24/24
 35724 | Snake:4  | Reached skill level 3 in Spellcasting
 35732 | Snake:4  | Received a gift from Okawaru
 36089 | Snake:4  | You set off the alarm!!! The alarm trap emits a blaring
                  | wail!!! A sentinel's mark forms upon you! Butt hear a
                  | shout!!! You hear an angry hiss! You hear a shout!!! x2
                  | You hear an angry hiss! x2; You hear a shout!!! x4; You
                  | hear an angry hiss! Butt hear a shout!!! You hear a
                  | shout!!! x3; You hear a butt!!! You hear a shout!!! x5;
                  | You hear a butt!!! You hear a shout!!! x5 You hear an
                  | angry hi
 36089 | Snake:4  | so many fucking snakes
 36089 | Snake:4  | sneks
 36089 | Snake:4  | 46 sneks counted
 36089 | Snake:4  | i counted 46 snakes that i woke up in the rune vault with
                  | that alarm trap.
 36248 | Snake:3  | HP: 54/110 [anaconda (8)]
 36253 | Snake:3  | HP: 51/110 [anaconda (1)]
 36254 | Snake:3  | Reached skill level 6 in Evocations
 36262 | Snake:3  | HP: 46/110 [anaconda (3)]
 36617 | Snake:4  | HP: 52/110 [guardian serpent (4)]
 37311 | Snake:4  | i just realized these guardian serpents have been slowing
                  | me all day
 37311 | Snake:4  | right now, at level 17, they have a 9% chance to slow me
 37311 | Snake:4  | the rng is perfect
 37311 | Snake:4  | i mean, let's also ignore shity okawaru/trog/sif/gozag
                  | stuff too
 37335 | Snake:4  | Received a gift from Okawaru
 37355 | Snake:4  | well, maybe i take it back. +2 large shield of reflection.
                  | thanks okawaru
 37355 | Snake:4  | now i need 25 shield skill FML
 37355 | Snake:4  | maybe i'll get the barricade title. i don't have that one
                  | yet.
 37581 | Snake:4  | Reached skill level 14 in Armour
 37586 | Snake:4  | lol no gloves
 37586 | Snake:4  | :thinking:
 37730 | Snake:4  | vampiric battle axe :|
 37756 | Snake:4  | Reached skill level 4 in Necromancy
 37776 | Snake:4  | HP: 52/110 [naga sharpshooter/arrow (7)]
 37779 | Snake:4  | Reached skill level 5 in Charms
 37809 | Snake:4  | HP: 53/110 [naga/+0 trident (3)]
 37835 | Snake:4  | HP: 55/110 [naga mage/+1 spear of freezing (2)]
 37838 | Snake:4  | i really want to see the damage output of a +9 demon whip
                  | with a speed brand and finesse and 27 M&F skill
 38116 | Snake:4  | Got a serpentine rune of Zot
 38123 | Snake:4  | and as always, sneks didn't have any loot. dickbags
 38324 | Swamp:1  | Entered Level 1 of the Swamp
 38329 | Swamp:1  | Noticed Roxanne
 38434 | Swamp:1  | Reached skill level 4 in Spellcasting
 38455 | Swamp:1  | good to know green draconians are not a threat at all
 38678 | Swamp:1  | HP: 48/110 [bog body/bolt of cold (10)]
 38679 | Swamp:1  | Reached skill level 5 in Necromancy
 38917 | Swamp:1  | Noticed Kirke
 38927 | Swamp:1  | Reached skill level 6 in Charms
 38945 | Swamp:1  | Killed Kirke
 39020 | Swamp:1  | Reached skill level 5 in Spellcasting
 39357 | Swamp:1  | Reached XP level 18. HP: 83/116 MP: 26/26
 39868 | Swamp:2  | Received a gift from Okawaru
 39868 | Swamp:2  | Reached skill level 11 in Invocations
 39879 | Swamp:2  | Got a smoking mace {god gift}
 39944 | Swamp:2  | Reached skill level 14 in Fighting
 39946 | Swamp:2  | HP: 58/116 [spiny frog (15)]
 40172 | Swamp:2  | HP: 55/116 [alligator (12)]
 40177 | Swamp:2  | HP: 53/116 [alligator[an alligator] (1)]
 40180 | Swamp:2  | Reached skill level 6 in Necromancy
 40184 | Swamp:2  | HP: 43/116 [spriggan rider/+0 spear (3)]
 40199 | Swamp:2  | HP: 43/116 [spriggan rider/+0 spear (1)]
 40440 | Swamp:2  | Found a white marble altar of Elyvilon.
 40666 | Swamp:3  | Noticed Aizul
 40699 | Swamp:3  | Killed Aizul
 40962 | Swamp:3  | Reached skill level 6 in Spellcasting
 41249 | Swamp:3  | Received a gift from Okawaru
 41250 | Swamp:3  | Got a warped mace {god gift}
 41714 | Swamp:4  | Entered Level 4 of the Swamp
 42142 | Swamp:3  | HP: 83/174 [alligator (14)]
 42531 | Swamp:4  | xzight: the +9 mace "Jeneumn" (weapon) {holy, rElec MR+++
                  | Str-2 Int+4}
 42537 | Swamp:4  | xzight: just got that
 42540 | Swamp:4  | xzight: doesnt seem very good
 42540 | Swamp:4  | dosdaos: it's not that bad, but it's not that good.
 42540 | Swamp:4  | dosdaos: even if you're fighting a demon, it's kinda
                  | underwhelming
 42540 | Swamp:4  | dosdaos: i'd hold on to it, just so you don't get banished,
                  | and it's somewhat useful even if you do get banished
 42638 | Swamp:4  | HP: 48/117 [shambling mangrove (14)]
 42644 | Swamp:4  | HP: 45/117 [hornet[a shambling mangrove] (4)]
 42674 | Swamp:4  | HP: 58/117 [swamp drake (2)]
 43033 | Swamp:4  | Received a gift from Okawaru
 43034 | Swamp:4  | Got a steaming great mace {god gift}
 43045 | Swamp:3  | I FREAKIN' KNEW THOSE SCROLLS WERE GONNA BE BLINK! WORTH
                  | IT!~!~!!!~~~~
 43177 | Swamp:4  | dosdaos: i've got 10 int
 43177 | Swamp:4  | dosdaos: and plate armor
 43177 | Swamp:4  | dosdaos: and 28 strength.
 43177 | Swamp:4  | dosdaos: 6/6/6 on my magic
 43177 | Swamp:4  | dosdaos: 32% fail regen :(
 43177 | Swamp:4  | dosdaos: it's wayyyy harder to cast magic than i thought.
 43278 | Swamp:4  | Got a decaying rune of Zot
 43342 | Swamp:4  | Reached skill level 15 in Maces & Flails
 43903 | D:14     | Reached skill level 12 in Invocations
 43923 | D:14     | Reached skill level 16 in Shields
 44179 | D:14     | Received a gift from Okawaru
 44180 | D:14     | Found the +7 Kryia's mail coat {god gift, PotionHeal*2 rC+}
 44286 | D:14     | Reached XP level 19. HP: 114/122 MP: 28/28
 44506 | D:14     | Killed Rupert
 44897 | D:14     | Found a gate to the Vaults.
 44982 | D:14     | Reached skill level 15 in Armour
 45090 | D:15     | Entered Level 15 of the Dungeon
 45208 | D:15     | Noticed BrocoLee's ghost (adept OgFi)
 45212 | D:15     | Found a transporter.
 45225 | D:15     | Found a transporter.
 45264 | D:15     | Identified the +11 mace "Xawot" {god gift, freeze, rC+
                  | Dex+4} (Okawaru gifted it to you on level 3 of the Swamp)
 45267 | D:15     | Identified the +2 mace of Irucsif {god gift, flame, rPois
                  | rF+} (Okawaru gifted it to you on level 2 of the Swamp)
 45586 | D:15     | Reached skill level 15 in Fighting
 45598 | D:15     | xzight: i havent found a single enchant weapon yet
 45607 | D:15     | dosdaos: that's not good. they'll come
 45607 | D:15     | dosdaos: your flail should be good enough until you get to
                  | vaults
 45920 | D:15     | Found a staircase to the Depths.
 46022 | D:15     | Reached skill level 7 in Evocations
 46442 | Vaults:1 | Entered Level 1 of the Vaults
 46449 | Vaults:1 | Noticed Nikola
 46516 | Vaults:1 | Killed Nikola
 46706 | Vaults:1 | Received a gift from Okawaru
 47011 | Vaults:1 | Reached skill level 8 in Evocations
 47642 | Vaults:1 | Reached skill level 17 in Shields
 47814 | Vaults:1 | xzight: ah i died playing too fast
 47814 | Vaults:1 | xzight: i'm gonna try again later
 47817 | Vaults:1 | xzight: good luck with your run
 47822 | Vaults:1 | dosdaos: ok. thanks
 48040 | Vaults:2 | Got a bloodstained fustibalus
 48042 | Vaults:2 | Identified the cursed +0 fustibalus of Karma {freeze,
                  | *Contam +Blink rElec MR++} (You found it on level 2 of the
                  | Vaults)
 48067 | Vaults:2 | dosdaos: ??heroism
 48067 | Vaults:2 | meem: okawaru[1/6]: Heroism (*) temporarily gives +5 to all
                  | non-magic skills except Invocations and Evocations,
                  | although Fighting skill from it gives no extra HP. Finesse
                  | (*****) halves attack delay but does not stack with haste
                  | or berserk. Okawaru also gifts weapons, armour, and ammo.
 48067 | Vaults:2 | dosdaos: ??heroism[2
 48067 | Vaults:2 | meem: okawaru[2/6]: Gives almost no piety for easy fights,
                  | none at all for trivial ones.
 48067 | Vaults:2 | dosdaos: ??heroism[3
 48067 | Vaults:2 | meem: okawaru[3/6]: Heroism: 2 MP and 1 Piety, Finesse:
                  | Costs 5 MP and 3 Piety. Duration of both: 10 + 3*(1dInv +
                  | 1dInv); 100 turns cap.
 48109 | Vaults:2 | Reached XP level 20. HP: 105/130 MP: 24/29
 48132 | Vaults:2 | Reached skill level 7 in Dodging
 48157 | Vaults:2 | HP: 57/130 [vault warden/+2 long sword of protection (15)]
 48641 | Vaults:2 | HP: 63/130 [acid[an ironheart preserver] (13)]
 48942 | Vaults:2 | Found a portal to a secret trove of treasure.
 49147 | Vaults:2 | Reached skill level 9 in Evocations
 49151 | Vaults:2 | Received a gift from Okawaru
 49204 | Vaults:2 | Got a pair of twisted gloves {god gift}
 49244 | Vaults:2 | Identified the +0 pair of gloves "Raocuarch" {god gift,
                  | rElec} (Okawaru gifted it to you on level 2 of the Vaults)
 49250 | Vaults:2 | yep, okawaru is back to trolling
 49250 | Vaults:2 | randart gloves for you, my son.
 49250 | Vaults:2 | +0 relec. i have relec as an intrinsic lol. it's worse than
                  | the +0 gloves i already have.
 49404 | Vaults:2 | Found Plog's Assorted Antiques.
 49431 | Vaults:2 | Reached skill level 8 in Dodging
 49456 | Vaults:2 | HP: 61/130 [ironheart preserver/+1 morningstar of
                  | crushing[a boggart] (7)]
 49459 | Vaults:2 | HP: 30/130 [deep troll earth mage[a boggart] (2)]
 50034 | Vaults:2 | Found a staircase to the Crypt.
 50034 | Vaults:2 | Found a basalt altar of Yredelemnul.
 50035 | Vaults:2 | Found an ancient bone altar of Kikubaaqudgha.
 50254 | Vaults:2 | You paid a toll of 3 potions of resistance to enter a
                  | treasure trove
 50255 | Trove    | Entered a treasure trove
 50271 | Trove    | Got a fine copper amulet
 50274 | Trove    | Got a vibrating wooden ring
 50277 | Trove    | Got an ancient golden amulet
 50315 | Vaults:2 | oh yea
 50315 | Vaults:2 | Identified the amulet "Urph" {Gourm rC- rN+ Int+6} (You
                  | found it in a treasure trove)
 51348 | Vaults:3 | Found Bykk's Antique Weapon Shop.
 51912 | Vaults:3 | Reached skill level 9 in Dodging
 52270 | Elf:1    | Entered Level 1 of the Elven Halls
 52291 | Elf:1    | Received a gift from Okawaru
 52604 | Elf:1    | Identified the ring "Dofuykec" {Int+7 Stlth+} (You found it
                  | in a treasure trove)
 52676 | Elf:1    | Reached skill level 16 in Maces & Flails
 52767 | Elf:1    | HP: 65/131 [smoke demon/divine providence[a deep elf mage]
                  | (16)]
 52805 | Elf:1    | Identified the Catalogue of the Entourage
 53203 | Elf:2    | Reached XP level 21. HP: 136/136 MP: 30/30
 53303 | Elf:2    | Reached skill level 16 in Fighting
 53316 | Elf:2    | Identified the amulet "Suhauxy" {Faith rElec} (You found it
                  | in a treasure trove)
 53344 | Elf:2    | all the jewelry from the trove was meh
 53344 | Elf:2    | but i got that eveningstar...so...
 53502 | Elf:2    | Reached skill level 18 in Shields
 53597 | Elf:2    | Reached skill level 16 in Armour
 53860 | Elf:2    | Found Iteu's Weapon Boutique.
 53911 | Elf:2    | Cast into level 3 of the Abyss (+2 trident of distortion)
 53912 | Abyss:3  | i fucking knew this was going to happen. time to make the
                  | abyss my bitch
 53912 | Abyss:3  | to the sweet tunes of anri's timely!
 53912 | Abyss:3  | 1..2..3..4..
 54140 | Abyss:3  | HP: 62/136 [large abomination (21)]
 54178 | Abyss:3  | HP: 68/136 [smoke demon/divine providence (14)]
 54184 | Abyss:3  | HP: 51/136 [raiju/living lightning (2)]
 54189 | Abyss:3  | HP: 43/136 [raiju/living lightning (1)]
 54410 | Abyss:3  | Found a corrupted altar of Lugonu.
 54551 | Abyss:3  | Got an abyssal rune of Zot
 54552 | Abyss:3  | WINDY SUMMER!
 54606 | Elf:2    | Escaped the Abyss
 54669 | Elf:2    | Found a runed translucent gate.
 54669 | Elf:2    | Found a runed translucent gate.
 54669 | Elf:2    | Found a runed translucent gate.
 54978 | Elf:2    | LOL
 54978 | Elf:2    | +2 EVENINGSTAR OF DISTORTION
 54978 | Elf:2    | DISTORTION CAME BACK FOR ME
 54978 | Elf:2    | RIGHT AFTER I WRECKED THE ABYSS
 54978 | Elf:2    | TOP LAUGHTER
 54978 | Elf:2    | i bet it sends me to a little jaunt to the abyss too
 54989 | Elf:2    | Received a gift from Okawaru
 55129 | Elf:2    | Got a pair of jewelled gloves {god gift}
 55141 | Elf:2    | Identified the +1 pair of gloves of Miujonas {god gift,
                  | SInv} (Okawaru gifted it to you on level 2 of the Elven
                  | Halls)
 55141 | Elf:2    | these are nicer gloves, still not amazing.
 55141 | Elf:2    | i'll take sinv on gloves though.
 55486 | Elf:3    | Entered Level 3 of the Elven Halls
 55839 | Elf:3    | Found a runed translucent gate.
 55839 | Elf:3    | Found a runed translucent gate.
 55840 | Elf:3    | Found a runed translucent gate.
 55840 | Elf:3    | Noticed Weisseritter's ghost (adept MiFi)
 56143 | Elf:3    | Identified the Grimoire of Battle Magic
 56505 | Elf:3    | Identified the +4 dagger of Gozag's Favour {pierce, Fragile
                  | +Blink +Inv Int+7}
 56509 | Elf:3    | Identified the cursed +1 plate armour of the Townfolk
                  | {MP+9}
 56585 | Elf:3    | Reached XP level 22. HP: 93/144 MP: 10/31
 56598 | Elf:3    | HP: 67/144 [???[a deep elf demonologist] (15)]
 56604 | Elf:3    | Received a gift from Okawaru
 56608 | Elf:3    | HP: 36/144 [deep elf high priest/divine providence (8)]
 56613 | Elf:3    | HP: 36/144 [deep elf death mage/bolt of negative energy
                  | (2)]
 57031 | Elf:3    | Identified Datywn's Tome of the Arsonist
 57081 | Elf:3    | Reached skill level 1 in Throwing
 57085 | Elf:3    | Identified the Incunabulum of the Compass
 57094 | Elf:3    | Identified Raeseecai's Compendium of Destructive Ignition
 57117 | Elf:3    | Identified the +5 chain mail of Somewhere Else {MR+ Str+3
                  | Int-3} (You found it on level 3 of the Elven Halls)
 57436 | Depths:1 | Entered Level 1 of the Depths
 58008 | Depths:1 | Reached skill level 2 in Throwing
 58055 | D:15     | Reached skill level 19 in Shields
 58081 | D:15     | HP: 71/144 [guardian serpent (shapeshifter) (16)]
 58150 | D:15     | Reached skill level 3 in Throwing
 58313 | Depths:1 | Reached skill level 4 in Throwing
 58698 | D:15     | Reached skill level 10 in Dodging
 58706 | D:15     | Reached skill level 5 in Throwing
 58940 | Depths:1 | Found a gateway to a ziggurat.
 58974 | Depths:1 | Found a gateway to Hell.
 58991 | Depths:1 | You are sucked into a shaft!
 58992 | Depths:2 | you are sucked into a butt!!!
 58992 | Depths:2 | it's funny but it was a shaft
 58992 | Depths:2 | because we have to have trap effects JUST BY EXPLORING THE
                  | FLOOR.
 59040 | Depths:2 | Received a gift from Okawaru
 59128 | Depths:2 | Found Tyol Muqy's Weapon Emporium.
 59138 | Depths:2 | Reached skill level 6 in Throwing
 59203 | Depths:2 | wow no song of slaying
 59203 | Depths:2 | :|
 59216 | Depths:2 | Found Tokyog's Armour Shoppe.
 59493 | Depths:2 | Found a runed translucent door.
 59499 | Depths:2 | Found a runed translucent door.
 59611 | Depths:2 | Reached skill level 7 in Throwing
 59888 | Depths:2 | Reached XP level 23. HP: 110/148 MP: 16/32
 60310 | Depths:2 | this vault doesn't LOOK dangerous
 60310 | Depths:2 | but it IS behind a runed door
 60310 | Depths:2 | decisions decisions!
 60310 | Depths:2 | CHARRRRRRGE FOR OKAWARU!
 60328 | Depths:2 | wtf?
 60328 | Depths:2 | was that dispersal trap in my LOS?
 60328 | Depths:2 | im pretty sure it wasnt. well, now im in a bad spot. god
                  | damnit devs
 60337 | Depths:2 | Reached skill level 8 in Throwing
 60375 | Depths:2 | HP: 63/148 [stone giant[an orange crystal statue] (16)]
 60380 | Depths:2 | HP: 47/148 [white very ugly thing (12)]
 61671 | Depths:3 | Received a gift from Okawaru
 61853 | Depths:3 | Reached skill level 17 in Fighting
 61887 | Depths:3 | HP: 69/149 [fire giant/bolt of fire (7)]
 61895 | Depths:3 | HP: 70/149 [fire giant/fireball (5)]
 61988 | Depths:3 | Noticed Asterion
 62027 | Depths:2 | Killed Asterion
 62141 | Depths:3 | Reached skill level 11 in Dodging
 62202 | Depths:3 | Reached skill level 17 in Maces & Flails
 62225 | Depths:3 | Received a gift from Okawaru
 62259 | Depths:3 | okawaru would somehow be stronger if he only gave enchant
                  | weapon scrolls, brand weapon scrolls, and enchant armor
                  | scrolls.
 62555 | Depths:3 | Reached skill level 10 in Evocations
 62595 | Depths:3 | HP: 68/149 [four-headed hydra simulacrum (9)]
 62687 | Depths:3 | Noticed a juggernaut
 62721 | Depths:3 | Killed a juggernaut
 63076 | Depths:3 | Reached skill level 20 in Shields
 63087 | Depths:3 | Reached skill level 13 in Invocations
 63099 | Depths:3 | Reached skill level 9 in Throwing
 63191 | Depths:3 | Received a gift from Okawaru
 63206 | Depths:3 | Found a one-way gate leading to the halls of Pandemonium.
 63525 | Depths:4 | HP: 73/150 [spark wasp (5)]
 63530 | Depths:4 | HP: 72/150 [spark wasp (7)]
 63578 | Depths:4 | Reached skill level 17 in Armour
 63832 | Depths:3 | that was complete bullshit
 64044 | Depths:4 | Reached XP level 24. HP: 131/156 MP: 31/32
 64256 | Depths:4 | Identified the +11 plate armour of the Prince {+Inv} (You
                  | found it on level 4 of the Depths)
 64278 | Depths:4 | fucking spark wasps
 64820 | Depths:4 | Found a corrupted altar of Lugonu.
 64820 | Depths:4 | Found a one-way gate to the infinite horrors of the Abyss.
 65054 | Depths:5 | Entered Level 5 of the Depths
 65069 | Depths:5 | Noticed a juggernaut
 65140 | Depths:5 | Received a gift from Okawaru
 66026 | Depths:5 | HP: 65/157 [lich/bolt of acid (26)]
 66035 | Depths:5 | HP: 57/157 [acid (2)]
 66036 | Depths:5 | xzight: hello
 66039 | Depths:5 | dosdaos: hello
 66376 | Depths:5 | Killed a juggernaut
 66503 | Depths:5 | HP: 75/157 [yaktaur captain/bolt (9)]
 66904 | Depths:4 | HP: 71/157 [storm dragon (14)]
 66907 | Depths:4 | HP: 21/157 [deep troll earth mage/Lee's Rapid
                  | Deconstruction (21)]
 67705 | Depths:4 | Reached skill level 10 in Throwing
 67748 | Depths:4 | Received a gift from Okawaru
 67748 | Depths:4 | Reached skill level 11 in Evocations
 67775 | Depths:4 | dosdaos: oh, hello anon
 68041 | Depths:5 | Found a gate to the Realm of Zot.
 68141 | Depths:5 | shooty
 68141 | Depths:5 | im all indecisive about where to go
 68176 | Hell     | Entered the Vestibule of Hell
 68176 | Hell     | Noticed Geryon
 68180 | Depths:5 | YOLO
 68194 | Depths:5 | Reached skill level 14 in Invocations
 68577 | Depths:5 | Reached XP level 25. HP: 117/162 MP: 18/33
 68980 | Depths:5 | Reached skill level 18 in Fighting
 68993 | Depths:5 | ugh. such a slog without high power magic
 69003 | Depths:5 | ok. well. somewhere else then
 69042 | Depths:5 | Gained mutation: Scrolls take you a little longer to read.
                  | [mutagenic glow]
 69135 | Depths:5 | Gained mutation: You are weak. (Str -2) [mutagenic glow]
 69168 | Depths:5 | im about to just start worshiping zin
 69171 | Zot:1    | Entered Level 1 of the Realm of Zot
 69282 | Depths:5 | wow i got 61 ac with this?
 69890 | Vaults:4 | Reached skill level 12 in Dodging
 70180 | Vaults:4 | HP: 78/163 [stone giant zombie[a necromancer] (5)]
 70185 | Vaults:4 | HP: 62/163 [vault guard/+0 great mace[a vault warden] (18)]
 70831 | Vaults:4 | Reached skill level 18 in Maces & Flails
 70842 | Vaults:4 | Reached skill level 18 in Armour
 70869 | Vaults:4 | HP: 72/163 [storm dragon/bolt of lightning (12)]
 70875 | Vaults:4 | HP: 66/163 [storm dragon/bolt of lightning (2)]
 70881 | Vaults:4 | HP: 61/163 [storm dragon (3)]
 70892 | Vaults:4 | HP: 63/164 [harpy (1)]
 70895 | Vaults:4 | Received a gift from Okawaru
 71384 | Vaults:4 | Received a gift from Okawaru
 71632 | Vaults:5 | Entered Level 5 of the Vaults
 72229 | Orc:2    | Bought a runed crystal plate armour for 2158 gold pieces
 72240 | Orc:2    | argh. it's only +1 cpa
 72279 | Orc:2    | Bought 2 potions of lignification for 72 gold pieces
 72279 | Orc:2    | Bought a potion of curing for 36 gold pieces
 72314 | Orc:2    | Bought a scroll of fear for 49 gold pieces
 72314 | Orc:2    | Bought a scroll of enchant armour for 105 gold pieces
 72314 | Orc:2    | Bought a scroll of magic mapping for 49 gold pieces
 72314 | Orc:2    | Bought a scroll of teleportation for 42 gold pieces
 73034 | Vaults:5 | Reached skill level 21 in Shields
 73035 | Vaults:5 | Received a gift from Okawaru
 73035 | Vaults:5 | Reached skill level 12 in Evocations
 73036 | Vaults:5 | Received a gift from Okawaru
 73036 | Vaults:5 | Reached skill level 15 in Invocations
 73090 | Vaults:5 | HP: 75/164 [shadow dragon/bolt of negative energy (14)]
 73097 | Vaults:5 | HP: 72/164 [shadow dragon/bolt of negative energy (10)]
 73102 | Vaults:5 | HP: 65/164 [shadow dragon/bolt of negative energy (11)]
 73113 | Vaults:5 | HP: 70/164 [war gargoyle/cursed +0 flail (15)]
 73130 | Vaults:5 | HP: 55/164 [white very ugly thing (5)]
 73140 | Vaults:5 | HP: 45/164 [tengu reaver/fireball (9)]
 73148 | Vaults:5 | Reached XP level 26. HP: 51/170 MP: 2/34
 73166 | Vaults:5 | HP: 63/170 [tengu reaver/bolt of magma (2)]
 73194 | Vaults:5 | HP: 74/170 [tengu reaver/bolt of magma (1)]
 73201 | Vaults:5 | HP: 62/170 [yaktaur captain/exploding inner flame[the
                  | player character] (3)]
 73201 | Vaults:5 | Received a gift from Okawaru
 73202 | Vaults:5 | Reached skill level 11 in Throwing
 73207 | Vaults:5 | HP: 57/170 [yaktaur captain/exploding inner flame[the
                  | player character] (6)]
 73208 | Vaults:5 | Reached skill level 19 in Fighting
 73213 | Vaults:5 | HP: 54/172 [cloud of flame (1)]
 73229 | Vaults:5 | Identified the +5 demon trident "Tos Nist" {chaos, rC+
                  | Str+4}
 73247 | Vaults:5 | Identified the cursed +3 broad axe of Sin {speed, rElec rF+
                  | Dex+3}
 73254 | Vaults:5 | HP: 77/172 [shadow dragon/bolt of negative energy (11)]
 73259 | Vaults:5 | HP: 77/172 [yaktaur captain/the cursed +3 broad axe of Sin
                  | {speed, rElec rF+ Dex+3} (1)]
 73313 | Vaults:5 | HP: 81/172 [deep elf sorcerer/bolt of acid (16)]
 73556 | Vaults:5 | Received a gift from Okawaru
 73622 | Vaults:5 | Found the +7 Spriggan's Knife {stab, EV+4 Stlth+}
 73641 | Vaults:5 | Got a translucent brass ring
 73647 | Vaults:5 | Identified the ring of Gilexz Ziar {rF++ MR+ Int-3 Dex+4
                  | Stlth+} (You found it on level 5 of the Vaults)
 73732 | Vaults:5 | Reached skill level 1 in Stealth
 73745 | Vaults:5 | Reached skill level 2 in Stealth
 73765 | Vaults:5 | Reached skill level 3 in Stealth
 73768 | Vaults:5 | HP: 79/172 [acid (11)]
 73778 | Vaults:5 | Reached skill level 4 in Stealth
 73780 | Vaults:5 | HP: 56/172 [golden dragon/bolt of fire (4)]
 73788 | Vaults:5 | Received a gift from Okawaru
 73796 | Vaults:5 | Reached skill level 5 in Stealth
 73835 | Vaults:5 | Reached skill level 6 in Stealth
 74005 | Vaults:5 | Noticed a juggernaut
 74005 | Vaults:5 | a titan changed into a juggernaut
 74006 | Vaults:5 | a juggernaut changed into a titan
 74016 | Vaults:5 | Noticed a shard shrike
 74016 | Vaults:5 | a titan changed into a shard shrike
 74028 | Vaults:5 | Noticed a juggernaut
 74028 | Vaults:5 | a shard shrike changed into a juggernaut
 74034 | Vaults:5 | a juggernaut changed into an acid blob
 74043 | Vaults:5 | Noticed a shard shrike
 74043 | Vaults:5 | an iron dragon changed into a shard shrike
 74056 | Vaults:5 | a shard shrike changed into a titan
 74065 | Vaults:5 | Received a gift from Okawaru
 74389 | Vaults:5 | Got a silver rune of Zot
 74578 | Vaults:5 | Identified the cursed +0 plate armour of the Elephant
                  | {Int+4 Dex+2}
 74600 | Vaults:5 | Received a gift from Okawaru
 74700 | Vaults:5 | HP: 86/172 [deep troll[an ironheart preserver] (11)]
 74730 | Vaults:5 | Reached skill level 7 in Stealth
 74867 | Vaults:5 | HP: 81/172 [shadow dragon/bolt of negative energy (10)]
 75104 | Vaults:5 | Identified the +1 leather armour of Perpetual Drought
                  | {*Contam Dex-3 Slay+6 SInv}
 75223 | Vaults:5 | Received a gift from Okawaru
 75610 | Vaults:5 | Reached skill level 12 in Throwing
 75915 | Vaults:5 | this was the hardest vaults 5 in a while
 75915 | Vaults:5 | mostly because i didn't have vamp brands anywhere, or
                  | makhleb to heal as i kill stuff
 75915 | Vaults:5 | i had zero staying power. not even my regen spell was
                  | reliable
 75915 | Vaults:5 | closest thing i had to staying power was heal wounds pots,
                  | thanks to my unrand scale mail.
 76172 | Zot:1    | Reached skill level 8 in Stealth
 76192 | Depths:5 | Received a gift from Okawaru
 76192 | Depths:5 | HP: 80/173 [quicksilver dragon (11)]
 76198 | Depths:5 | Reached XP level 27. HP: 81/178 MP: 17/34
 76533 | Zot:1    | Reached skill level 22 in Shields
 76602 | Zot:1    | HP: 84/179 [purple draconian/+0 battleaxe (8)]
 76607 | Zot:1    | HP: 73/179 [iron dragon (2)]
 76620 | Zot:1    | HP: 73/179 [bone dragon (2)]
 76625 | Zot:1    | HP: 62/179 [bone dragon (4)]
 76630 | Zot:1    | HP: 84/179 [iron dragon (13)]
 76637 | Zot:1    | HP: 73/179 [bone dragon (11)]
 76646 | Zot:1    | Received a gift from Okawaru
 76649 | Zot:1    | HP: 70/179 [bone dragon (5)]
 76654 | Zot:1    | HP: 44/179 [bone dragon (8)]
 76713 | Zot:1    | HP: 44/179 [death cob (14)]
 76721 | Zot:1    | HP: 31/179 [death cob (15)]
 77192 | Zot:1    | Reached skill level 9 in Stealth
 77378 | Zot:1    | Reached skill level 20 in Fighting
 77380 | Zot:1    | Noticed an orb of fire
 77389 | Zot:1    | HP: 80/179 [death cob (15)]
 77397 | Zot:1    | HP: 76/179 [death cob (7)]
 77403 | Zot:1    | HP: 53/179 [death cob (15)]
 77429 | Zot:1    | HP: 61/179 [moth of wrath (5)]
 77449 | Zot:1    | HP: 69/179 [white draconian/+0 war axe (1)]
 77468 | Zot:1    | HP: 67/179 [bone dragon (3)]
 77473 | Zot:1    | HP: 54/179 [quicksilver dragon (1)]
 77480 | Zot:1    | HP: 48/179 [quicksilver dragon (7)]
 77485 | Zot:1    | HP: 48/179 [quicksilver dragon (1)]
 77493 | Zot:1    | HP: 41/179 [quicksilver dragon (8)]
 77636 | Zot:1    | Gained mutation: You are very dopey. (Int -4) [an orb of
                  | fire]
 77639 | Zot:1    | Gained mutation: You are frail. (-10% HP) [an orb of fire]
 77647 | Zot:1    | Gained mutation: You are very weak. (Str -4) [an orb of
                  | fire]
 77650 | Zot:1    | Killed an orb of fire
 77650 | Zot:1    | Received a gift from Okawaru
 77650 | Zot:1    | Reached skill level 19 in Maces & Flails
 78121 | Zot:1    | xzight: hey man
 78121 | Zot:1    | xzight: did u see i won with 15 runes
 78121 | Zot:1    | xzight: i got 6 runes against last night but played so
                  | stupid against dispater
 78450 | Zot:1    | HP: 76/161 [deep elf high priest/divine providence (12)]
 78455 | Zot:1    | HP: 70/161 [ice dragon (2)]
 78608 | Zot:1    | Noticed an orb of fire
 78644 | Zot:1    | Identified 3 scrolls of acquirement
 78732 | Zot:1    | Reached skill level 13 in Throwing
 78839 | Zot:2    | Received a gift from Okawaru
 78860 | Zot:2    | HP: 77/162 [yellow draconian/glob of acid (12)]
 78872 | Zot:2    | HP: 59/162 [acid (9)]
 78924 | Zot:2    | HP: 60/162 [red draconian stormcaller/divine providence
                  | (8)]
 79887 | Zot:2    | Identified the +6 plate armour of Piegaeq {rF+ rC++} (You
                  | found it on level 2 of the Realm of Zot)
 80023 | Zot:2    | Found a runed translucent gate.
 80023 | Zot:2    | Found a runed translucent gate.
 80023 | Zot:2    | Found a runed translucent gate.
 80023 | Zot:2    | Noticed Tenkisui's ghost (legendary GrBe)
 80093 | Zot:2    | HP: 78/162 [purple draconian/bolt of dispelling energy
                  | (11)]
 80102 | Zot:2    | HP: 78/162 [white draconian/+0 glaive (3)]
 80633 | Zot:3    | Reached skill level 23 in Shields
 80641 | Zot:3    | Reached skill level 21 in Fighting
 80728 | Zot:3    | HP: 79/163 [quicksilver dragon/bolt of dispelling energy
                  | (22)]
 81251 | Zot:3    | Received a gift from Okawaru
 81320 | Zot:3    | Reached skill level 20 in Maces & Flails
 81455 | Zot:3    | HP: 79/163 [storm dragon (16)]
 81460 | Zot:3    | HP: 76/163 [storm dragon (3)]
 81472 | Zot:3    | HP: 75/163 [storm dragon (2)]
 81477 | Zot:3    | HP: 56/163 [storm dragon (8)]
 81479 | Zot:3    | Received a gift from Okawaru
 81484 | Zot:3    | HP: 49/163 [green draconian/+0 mace (8)]
 81500 | Zot:3    | HP: 58/163 [green draconian/+0 mace (20)]
 81505 | Zot:3    | HP: 33/163 [purple draconian monk (26)]
 81521 | Zot:3    | HP: 70/163 [storm dragon/bolt of lightning (11)]
 81526 | Zot:3    | HP: 62/163 [purple draconian knight/bolt of cold (9)]
 81530 | Zot:3    | Killed from afar by a red draconian annihilator

Levels and vault maps discovered:
D:1:      elethiomel_arrival_infinity_welcomes_careful_drivers, layout_rooms
D:2:      wad_crossroads, layout_loops_corners, minivault_26
D:3:      minmay_angry_zag, layout_basic, kennysheep_okawaru_gauntlet,
          grunt_dithmenos_smoke, portal_sewer_entry_b, uniq_crazy_yiuf_cottage
D:4:      layout_basic, lemuel_coloured_pillars_altar, minitemple, first_ration,
          uniq_menkaure, uniq_blork_the_orc, uniq_grinder
D:5:      layout_basic, serial_shops, shop, uniq_sigmund
D:6:      layout_rooms, temple_pool_b
D:7:      layout_basic, lemuel_crystal_altar, zin_academy, kennysheep_mini,
          gammafunk_temple_overflow_forgotten, tso_metal_star, uniq_joseph
D:8:      minmay_the_grid_octo_triangle [minmay_the_grid_octo_fan_narrow,
          minmay_the_grid_octo_prize_big_c, minmay_the_grid_octo_concentric],
          layout_basic, uniq_erica, uniq_pikel
D:9:      layout_basic, lemuel_doored_altar
D:10:     layout_loops_ring, david_orc_2, grunt_ogre_cave, lightli_minifort
D:11:     layout_roguey, grunt_lair_entry_orc_guard_hut, serial_shops, shop
D:12:     layout_loops_cross
D:13:     layout_roguey, basic_altar
D:14:     layout_loops_ring, grunt_vaults_entry_tiered,
          chequers_serial_rivers_micro_c, nrook_pool_corridor, uniq_rupert
D:15:     grunt_enter_depths_magical_seal, layout_long_grid,
          gammafunk_ghost_arena, minmay_door_square, minmay_three_doors
Lair:1:   layout_cave_pods, grunt_megastairs_3
Lair:2:   layout_hall_layers, zaba_antful_of_joy, minmay_lair_oklob_chamber,
          lemuel_fruit_tree, infiniplex_staircase_pool
Lair:3:   layout_regular_city, minmay_snake_entry_guardpost_medium,
          uniq_gastronok
Lair:4:   layout_long_grid, nicolae_swamp_entry_splash_gauntlet,
          ebering_ghost_inner_flame, beast_lair_carwin_7, lemuel_fruit_fields
Lair:5:   layout_regular_city, minmay_slime_entry_oklob_enclosed,
          serial_bayou_shore_b
Lair:6:   hangedman_lair_caniforms_friends, layout_cave_pods,
          guppyfry_lair_end_dragon, grunt_megastairs_5
Swamp:1:  layout_basic_swamp, hangedman_swamp_ruin_wall, swamp_pool2,
          hangedman_swamp_dais, uniq_kirke, uniq_roxanne
Swamp:2:  layout_basic_swamp, nicolae_swamp_godswood
Swamp:3:  layout_falls_marsh, nicolae_swamp_fairy_circle, uniq_aizul
Swamp:4:  swamp_alternative, layout_basic_swamp
Snake:1:  layout_onion, library_closet, hangedman_snake_thin_pillar_pass,
          st_stairs_14, drop_trap
Snake:2:  layout_onion_interference, special_room
Snake:3:  layout_honeycomb, serial_shops, nicolae_shop_trees, st_stairs_8,
          drop_trap
Snake:4:  grunt_snake_rune_serpentine_throne, layout_cave_town
Orc:1:    layout_caves
Orc:2:    st_orc_town, layout_caves, basic_altar
Elf:1:    minmay_elf_arrival_summoners, layout_rooms, minmay_elf_demonology
Elf:2:    layout_geoelf_octagon, serial_shops, nicolae_shop_trees
Elf:3:    elf_hall, layout_gridlike, ebering_ghost_rock_garden,
          statue_in_the_mist_lemuel, minivault_4, minivault_25_ag,
          minmay_elf_annihilation
Vaults:1: v_misc_14, hangedman_vaults_stitches, vaults_room_door_ring,
          nicolae_vaults_ring_of_whatevers, hangedman_vaults_slice,
          vaults_room_ringed_pool, ontoclasm_vaults_pinch, vaults_mumra_hex,
          v_misc_28, vaults_dpeg_encased_lava, layout_vaults_omnicross,
          uniq_nikola
Vaults:2: nicolae_vaults_rhombus_7, dpeg_vaults_monster_box, vaults_room_pool,
          ontoclasm_vaults_bender, minmay_crypt_entry_necro_gods,
          ontoclasm_vaults_twist, st_cells, nicolae_vaults_network_s,
          nicolae_vaults_shelves_hall, ontoclasm_vaults_decontamination,
          grunt_vaults_funnel, layout_vaults_omnibox, serial_shops,
          nicolae_shop_behind_doors, nicolae_trove_entry_columns
Vaults:3: v_pattern_3, nicolae_vaults_branching_niches, v_misc_18,
          nicolae_vaults_three_branches, v_misc_16, v_misc_27, v_misc_15,
          vaults_room_stairs_pillars, nicolae_vaults_little_squares_4,
          layout_vaults_omnigrid, serial_shops, shop
Vaults:4: nicolae_vaults_alarming, ontoclasm_vaults_shout,
          ontoclasm_vaults_fault, nicolae_vaults_network_periphery, v_rooms_6,
          vaults_room_door_ring, vaults_standard_mumra_enter_the_diamond,
          v_misc_26, vaults_room_corners, vaults_dpeg_ring, layout_vaults_ring
Vaults:5
Depths:1: layout_cave_pools, enter_ziggurat_f, grunt_decor_arrowhead,
          hell_entry, serial_bayou_lagoon_a, kennysheep_generic_room_15
Depths:2: thingy_vault_2, layout_basic, hell_entry, hangedman_decor_slide_cut,
          nrook_uturn, infiniplex_staircase_pool_lava, minmay_shoptagon
Depths:3: cheibrodos_hall_of_evolution, layout_basic, minmay_misc_feat_tiny,
          hell_entry, rand_demon_pan_entry_1, infiniplex_staircase_x,
          uniq_asterion
Depths:4: minmay_ambush_box, layout_gridlike, serial_glass, glass_columns_b,
          glass_columns_a, abyss_entry_flame_altar, rand_demon_pan_entry_9,
          lightli_too_deep
Depths:5: grunt_zot_entry_bicorn, layout_cave_pools, hell_entry,
          minmay_misc_feat_secret_circle, serial_sigils_hangedman_carve
Hell
Zot:1:    hangedman_zot_vaults_quadrants, layout_onion
Zot:2:    layout_misc_corridors, ebering_ghost_rock_garden
Zot:3:    layout_concentric_octagons

Skill      XL: |  1  2  3  4  5  6  7  8  9 10 11 12 13 14 15 16 17 18 19 20 21 22 23 24 25 26 27 |
---------------+----------------------------------------------------------------------------------+-----
Shields        | 4 5 7 9 10 12 13 14 15 16 17 18 19 20 21 23 | 23.3
Fighting       | 4 5 6 8 9 10 11 12 13 14 15 16 17 18 19 21 | 21.3
Armour         | 4 5 6 8 9 10 12 13 14 15 16 17 18 | 18.0
Maces & Flails | 3 4 5 8 9 10 11 12 13 14 15 16 17 18 20 | 20.1
Invocations    | 1 3 5 7 8 9 10 12 13 14 15 | 15.0
Dodging        | 3 5 6 9 10 11 12 | 12.0
Evocations     | 3 4 5 6 8 9 10 11 12 | 12.0
Charms         | 1 4 6 |  6.0
Necromancy     | 1 3 5 6 |  6.0
Spellcasting   | 2 5 6 |  6.0
Throwing       | 7 9 10 12 13 | 13.0
Stealth        | 8 9 |  9.0

Action                   |  1- 3 |  4- 6 |  7- 9 | 10-12 | 13-15 | 16-18 | 19-21 | 22-24 | 25-27 || total
-------------------------+-------+-------+-------+-------+-------+-------+-------+-------+-------++-------
Melee: Flail             |   118 |   370 |   432 |       |       |   121 |       |       |       ||  1041
       Whip              |       |       |    23 |    29 |       |       |       |       |       ||    52
       Great mace        |       |       |       |   575 |    63 |       |       |       |       ||   638
       Lajatang          |       |       |       |    48 |       |       |       |       |       ||    48
       Morningstar       |       |       |       |       |  1816 |   506 |    12 |    11 |    25 ||  2370
       Demon whip        |       |       |       |       |       |  1946 |  1202 |   246 |   187 ||  3581
       Mace              |       |       |       |       |       |       |   298 |       |       ||   298
       Eveningstar       |       |       |       |       |       |       |  1078 |  2248 |  2581 ||  5907
Throw: Throwing net      |       |     1 |       |       |       |       |       |       |       ||     1
       Javelin           |       |       |       |       |       |       |       |     7 |    62 ||    69
 Cast: Regeneration      |       |       |       |       |       |    35 |    44 |    77 |    96 ||   252
Invok: Heroism           |       |       |       |     4 |    16 |    13 |    13 |    14 |    16 ||    76
       Finesse           |       |       |       |     1 |     6 |     4 |     5 |     7 |     9 ||    32
 Abil: Evoke Berserk Rag |       |       |     1 |       |       |     1 |     1 |     1 |       ||     4
       Fly               |       |       |       |       |     1 |       |       |       |       ||     1
       Evoke Invisibilit |       |       |       |       |       |       |       |     4 |     1 ||     5
Evoke: Wand              |       |       |       |       |     7 |     6 |    28 |     8 |     8 ||    57
       Box of beasts     |       |       |       |       |     1 |       |       |     1 |       ||     2
       Lamp of fire      |       |       |       |       |       |     1 |     2 |     3 |     4 ||    10
       Lightning rod     |       |       |       |       |       |       |     4 |     5 |       ||     9
       Fan of gales      |       |       |       |       |       |       |       |     1 |     1 ||     2
       Phial of floods   |       |       |       |       |       |       |       |       |     2 ||     2
  Use: Scroll            |       |     5 |     1 |    13 |    17 |     8 |    15 |    10 |    16 ||    85
       Potion            |       |     4 |       |       |     4 |     1 |     2 |     6 |    12 ||    29
 Stab: Paralysed         |       |       |       |       |       |    11 |    10 |       |       ||    21
       Invisible         |       |       |       |       |       |       |       |    10 |     2 ||    12
       Sleeping          |       |       |       |       |       |       |       |       |     1 ||     1
  Eat: Chunk             |     1 |    11 |    16 |    23 |    46 |    22 |    57 |    78 |    39 ||   293
       Ration            |       |       |       |     1 |     2 |     8 |       |     1 |     3 ||    15
Armor: Scale mail        |    43 |       |       |       |   787 |       |   747 |   599 |  1078 ||  3254
       Chain mail        |    52 |   275 |   235 |       |   146 |   642 |       |       |       ||  1350
       Skin              |       |     5 |       |       |       |       |       |       |       ||     5
       Plate armour      |       |       |    26 |   497 |    39 |   484 |       |   539 |   138 ||  1723
Dodge: Dodged            |    42 |   120 |   122 |   300 |   678 |   769 |   557 |   757 |   887 ||  4232
Block: Shield            |    57 |   153 |    96 |    16 |  1399 |  1515 |   679 |       |       ||  3915
       Buckler           |       |    30 |    75 |       |       |       |       |       |       ||   105
       Reflection        |       |       |       |       |    46 |    95 |   143 |    87 |    88 ||   459
       Large shield      |       |       |       |       |       |    16 |   905 |  2619 |  2832 ||  6372

Table legend:
 A = Non-vault XP
 B = Vault XP
 C = Vault XP percentage of total XP
 D = Non-vault monster count
 E = Vault monster count
 F = Vault count percentage of total count
                 A         B        C        D         E       F
            +---------+---------+-------+---------+---------+-------
      Total |  930173 |  562289 |  37.7 |    1724 |     815 |  32.1
            +---------+---------+-------+---------+---------+-------
        D:1 |      39 |       0 |   0.0 |      20 |       0 |   0.0
        D:2 |      78 |       8 |   9.3 |      20 |       4 |  16.7
        D:3 |     156 |      31 |  16.6 |      23 |      10 |  30.3
        D:4 |     313 |     495 |  61.3 |      17 |       3 |  15.0
        D:5 |     709 |     238 |  25.1 |      25 |       1 |   3.8
        D:6 |     305 |       0 |   0.0 |       6 |       0 |   0.0
        D:7 |     924 |    1122 |  54.8 |      18 |       2 |  10.0
        D:8 |    1281 |    2407 |  65.3 |      28 |      14 |  33.3
        D:9 |    2493 |       0 |   0.0 |      36 |       0 |   0.0
       D:10 |    5828 |     936 |  13.8 |      45 |      10 |  18.2
       D:11 |    4102 |     483 |  10.5 |      33 |       4 |  10.8
       D:12 |    5196 |       0 |   0.0 |      26 |       0 |   0.0
       D:13 |   11310 |       0 |   0.0 |      47 |       0 |   0.0
       D:14 |   12218 |   10389 |  46.0 |      42 |      26 |  38.2
       D:15 |   32374 |    9477 |  22.6 |      77 |      13 |  14.4
     Lair:1 |    2565 |      88 |   3.3 |      16 |       1 |   5.9
     Lair:2 |    3090 |    2631 |  46.0 |      13 |      28 |  68.3
     Lair:3 |    2406 |    2897 |  54.6 |       9 |       5 |  35.7
     Lair:4 |    5184 |    1829 |  26.1 |      12 |       9 |  42.9
     Lair:5 |    4242 |    1235 |  22.5 |      14 |       1 |   6.7
     Lair:6 |    8234 |   12534 |  60.4 |      27 |      71 |  72.4
    Swamp:1 |   13925 |    8873 |  38.9 |      38 |      12 |  24.0
    Swamp:2 |   14516 |       0 |   0.0 |      33 |       0 |   0.0
    Swamp:3 |   17794 |    5241 |  22.8 |      48 |       6 |  11.1
    Swamp:4 |   14516 |   12705 |  46.7 |      47 |      21 |  30.9
    Snake:1 |   17873 |       0 |   0.0 |      31 |       0 |   0.0
    Snake:2 |    6787 |       0 |   0.0 |      18 |       0 |   0.0
    Snake:3 |   22790 |    5703 |  20.0 |      47 |      10 |  17.5
    Snake:4 |   22493 |   38997 |  63.4 |      49 |      57 |  53.8
      Orc:1 |    6006 |    3654 |  37.8 |      46 |      18 |  28.1
      Orc:2 |    2467 |    5739 |  69.9 |      24 |      40 |  62.5
      Elf:1 |   12241 |    8652 |  41.4 |      26 |      14 |  35.0
      Elf:2 |   22454 |   22435 |  50.0 |      36 |      29 |  44.6
      Elf:3 |   19732 |   36000 |  64.6 |      33 |      33 |  50.0
   Vaults:1 |   21163 |   23157 |  52.2 |      32 |      34 |  51.5
   Vaults:2 |   24828 |   14995 |  37.7 |      41 |      18 |  30.5
   Vaults:3 |   16022 |   25279 |  61.2 |      37 |      30 |  44.8
   Vaults:4 |   50460 |   27722 |  35.5 |      85 |      37 |  30.3
   Vaults:5 |   58440 |  138093 |  70.3 |      74 |      94 |  56.0
   Depths:1 |   26286 |       0 |   0.0 |      46 |       0 |   0.0
   Depths:2 |   58610 |   25386 |  30.2 |      73 |      21 |  22.3
   Depths:3 |   45526 |   20420 |  31.0 |      41 |      27 |  39.7
   Depths:4 |   70640 |   22543 |  24.2 |      68 |      17 |  20.0
   Depths:5 |   62586 |   13190 |  17.4 |      54 |      16 |  22.9
       Hell |    1032 |       0 |   0.0 |       5 |       0 |   0.0
      Zot:1 |   71906 |   48083 |  40.1 |      41 |      28 |  40.6
      Zot:2 |   48706 |       0 |   0.0 |      32 |       0 |   0.0
      Zot:3 |   64677 |       0 |   0.0 |      38 |       0 |   0.0
    Abyss:3 |   12650 |    8550 |  40.3 |      27 |      26 |  49.1
      Sewer |       0 |      72 | 100.0 |       0 |      25 | 100.0
            +---------+---------+-------+---------+---------+-------
